 Dungeon Crawl Stone Soup version 0.32-a0-918-g0f22ef8d61 (webtiles) character file.

Game seed: 1781040560170578421

15197266 gameguard the Planerender (level 27, 314/314 HPs)
             Began as a Demonspawn Wanderer on Apr 9, 2024.
             Was the Champion of Sif Muna.
             Escaped with the Orb
             ... and 15 runes
             ... and 2 gems on Apr 12, 2024!
             The game lasted 08:42:43 (105091 turns).

gameguard the Planerender (Demonspawn Wanderer)   Turns: 105091, Time: 08:42:43

Health: 314/314    AC: 25    Str: 11    XL:     27
Magic:  40/57      EV: 31    Int: 37    God:    Sif Muna [******]
Gold:   3810       SH: 25    Dex: 27    Spells: 0/68 levels left

rFire   + + +        a - +9 demon trident (heavy)
rCold   + + .        P - +5 kite shield {AC+3}
rNeg    + + +        R - +2 ring mail "Gerghoj" {Regen+ Int+3 Dex+5}
rPois   ∞            Z - -2 hat of the Alchemist {rElec rPois rF+ rC+ rN+ Will+ rMut rCorr}
rElec   +            (cloak unavailable)
rCorr   +            O - +2 pair of gloves {Dex+3}
SInv    .            N - +2 pair of boots
Will    ++++.        k - amulet of Gima {rF++ RegenMP+ MP+9 Int-3}
Stlth   +            d - ring of the Tortoise {AC+8}
HPRegen 2.32/turn    t - ring of Hepliaklqana's Whim {Int+7 Dex+6}
MPRegen 0.75/turn

%: repel missiles, resist mutation
@: death-form, calling dragons, wreathed by umbra, studying 5 skills
A: vile attack, torment immunity, no potions, repulsion field 3, foul stench 3,
robust 3, weakness stinger 3, foul shadow 3, fangs 1, large bone plates 1,
clever 1, regeneration 1
0: Orb of Zot
}: 15/15 runes: serpentine, barnacled, slimy, silver, golden, iron, obsidian,
icy, bone, abyssal, demonic, glowing, magical, fiery, dark
a: Siphon Essence, Begin Untransformation, Renounce Religion, Channel Magic,
Forget Spell, Divine Exegesis


You escaped.
You worshipped Sif Muna.
Sif Muna was exalted by your worship.
You were an undying horror.
You visited 18 branches of the dungeon, and saw 88 of its levels.
You visited Pandemonium 1 time, and saw 22 of its levels.
You visited the Abyss 1 time.
You visited 1 bazaar.
You also visited: Ossuary, Gauntlet and Wizlab.

You collected 14431 gold pieces.
You spent 10621 gold pieces at shops.

Inventory:

Hand Weapons
 a - a +9 heavy demon trident (weapon)
 b - a +9 spectral demon trident
Missiles
 g - 8 throwing nets {!f}
Armour
 J - the +3 hat of Pondering {ponderous, Will+ MP+10 Int+5}
   (You bought it in a shop on level 2 of the Orcish Mines)

   Int+5:     It affects your intelligence (+5).
   Will+:     It increases your willpower.
   MP+10:     It affects your magic capacity (+10).
 N - a +2 pair of boots (worn)
 O - a +2 pair of gloves of dexterity (worn)
 P - a +5 kite shield of protection (worn)
 R - the +2 ring mail "Gerghoj" (worn) {Regen+ Int+3 Dex+5}
   (You bought it in a shop in a bazaar)

   Int+3:     It affects your intelligence (+3).
   Dex+5:     It affects your dexterity (+5).
   Regen+:    It increases your rate of health regeneration.
 Z - the -2 hat of the Alchemist (worn) {rElec rPois rF+ rC+ rN+ Will+ rMut rCorr}
   (You found it on level 5 of the Pits of Slime)

   rF+:       It protects you from fire.
   rC+:       It protects you from cold.
   rElec:     It insulates you from electricity.
   rPois:     It protects you from poison.
   rN+:       It protects you from negative energy.
   Will+:     It increases your willpower.
   rCorr:     It protects you from acid and corrosion.
   rMut:      It protects you from mutation.
Jewellery
 d - the ring of the Tortoise (left hand) {AC+8}
   (You bought it in a shop on level 1 of the Depths)

   [ring of protection]

   AC+8:      It affects your AC (+8).
 k - the amulet of Gima (around neck) {rF++ RegenMP+ MP+9 Int-3}
   (You found it on level 5 of the Realm of Zot)

   [amulet of magic regeneration]

   It increases your rate of magic regeneration.
   Int-3:     It affects your intelligence (-3).
   rF++:      It greatly protects you from fire.
   MP+9:      It affects your magic capacity (+9).
   RegenMP+:  It increases your rate of magic regeneration.
 n - the amulet of the Salamander {Reflect MP+9 Int+5 SH+5}
   (You bought it in a shop on level 1 of the Depths)

   [amulet of reflection]

   Reflect:   It reflects blocked missile attacks.
   Int+5:     It affects your intelligence (+5).
   MP+9:      It affects your magic capacity (+9).
   SH+5:      It affects your SH (+5).
 q - the ring of Lahouro {rF+ rC+ rN++ Will- rCorr}
   (You bought it in a shop on level 1 of the Dungeon)

   [ring of protection from fire]

   rF+:       It protects you from fire.
   rC+:       It protects you from cold.
   rN++:      It greatly protects you from negative energy.
   Will-:     It decreases your willpower.
   rCorr:     It protects you from acid and corrosion.
 t - the ring of Hepliaklqana's Whim (right hand) {Int+7 Dex+6}
   (You found it on level 5 of the Vaults)

   [ring of dexterity]

   Int+7:     It affects your intelligence (+7).
   Dex+6:     It affects your dexterity (+6).
 G - the ring of Loeghu {rElec rPois EV+5 Str+2}
   (You found it on level 7 of Gehenna)

   [ring of evasion]

   EV+5:      It affects your evasion (+5).
   Str+2:     It affects your strength (+2).
   rElec:     It insulates you from electricity.
   rPois:     It protects you from poison.
 M - a ring of see invisible
 Y - the ring of Meothuepn {Fire Str+3 Slay+5}
   (You found it on level 7 of Gehenna)

   [ring of fire]

   Fire:      It enhances your fire magic.
   Str+3:     It affects your strength (+3).
   Slay+5:    It affects your accuracy & damage with ranged weapons and melee
   (+5).
   rF+:       It protects you from fire.
   rC-:       It makes you vulnerable to cold.
Talismans
 V - a talisman of death (active)
Wands
 o - a wand of charming (77)
 r - a wand of mindburst (48)
 w - a wand of light (49)
 B - a wand of roots (28)
 F - a wand of digging (32)
Scrolls
 e - 4 scrolls of silence
 h - 8 scrolls of immolation
 m - 12 scrolls of vulnerability
 p - 15 scrolls of fog
 u - 36 scrolls of teleportation
 v - a scroll of enchant armour
 x - 7 scrolls of blinking
 z - 4 scrolls of fear
 C - a scroll of revelation
 I - 5 scrolls of butterflies
Potions
 c - 6 potions of haste
 f - 6 potions of mutation
 j - 6 potions of might
 l - 3 potions of cancellation
 s - 8 potions of heal wounds
 A - 13 potions of curing
 D - 8 potions of enlightenment
 E - 9 potions of magic
 H - 9 potions of ambrosia
 K - 4 potions of invisibility
 Q - 8 potions of brilliance
 U - 13 potions of lignification
Miscellaneous
 i - a condenser vane
 y - the horn of Geryon
 L - a lightning rod (4/4)
 S - a phantom mirror
 T - a figurine of a ziggurat
 W - a box of beasts
 X - a phial of floods


   Skills:
 + Level 25.1 Fighting
 - Level 4.0 Short Blades
 - Level 14.0 Polearms
 - Level 10.0 Armour
 + Level 21.4 Dodging
 - Level 1.0 Stealth
 - Level 16.0 Shields
 - Level 21.0 Spellcasting
 - Level 2.0 Conjurations
 O Level 27 Summonings
 - Level 21.0 Necromancy
 - Level 8.0 Translocations
 - Level 6.0 Air Magic
 - Level 4.0 Earth Magic
 - Level 2.0 Alchemy
 - Level 22.0 Invocations
 - Level 16.0 Evocations
 - Level 23.0 Shapeshifting


You couldn't memorise any spells.
You knew the following spells:

 Your Spells              Type           Power      Damage    Failure   Level
a - Dispel Undead         Necr           100%       3d31      0%          4
b - Sublimation of Blood  Necr           100%       N/A       0%          2
c - Fugue of the Fallen   Necr           100%       N/A       0%          3
f - Infestation           Necr           57%        N/A       3%          8
g - Dragon's Call         Summ           63%        N/A       4%          9
h - Summon Horrible Thin  Summ           63%        N/A       1%          8
l - Blink                 Tloc           100%       N/A       1%          2
q - Apportation           Tloc           100%       N/A       1%          1
r - Malign Gateway        Summ/Tloc      53%        N/A       1%          7
t - Haunt                 Necr/Summ      60%        N/A       1%          7
v - Death Channel         Necr           57%        N/A       1%          6
x - Passage of Golubria   Tloc           78%        N/A       1%          4
z - Vhi's Electric Charg  Tloc/Air       100%       N/A       1%          4
W - Swiftness             Air            70%        N/A       1%          3

Your spell library contained the following spells:

 Spells                   Type           Power      Damage    Failure   Level
 Necrotise                Necr           100%       1d9       0%          1
 Summon Small Mammal      Summ           100%       N/A       0%          1
 Call Imp                 Summ           100%       N/A       0%          2
 Call Canine Familiar     Summ           100%       N/A       0%          3
 Vampiric Draining        Necr           100%       2d13      0%          3
 Animate Dead             Necr           100%       N/A       0%          4
 Martyr's Knell           Necr/Summ      100%       N/A       0%          4
 Curse of Agony           Necr           100%       N/A       0%          5
 Summon Cactus Giant      Summ           63%        N/A       0%          6
 Foxfire                  Conj/Fire      100%       2x1d9     1%          1
 Kiss of Death            Conj/Necr      100%       2d13      1%          1
 Magic Dart               Conj           100%       1d8       1%          1
 Sandblast                Erth           100%       2d20      1%          1
 Shock                    Conj/Air       100%       1d9       1%          1
 Sting                    Conj/Alch      100%       1d9       1%          1
 Cigotuvi's Dreadful Rot  Necr/Alch/Air  100%       N/A       1%          2
 Lesser Beckoning         Tloc           100%       N/A       1%          2
 Mercury Vapours          Alch/Air       100%       N/A       1%          2
 Momentum Strike          Conj/Tloc      100%       3d10      1%          2
 Searing Ray              Conj           100%       2d8       1%          2
 Static Discharge         Conj/Air       100%       3-8/arc   1%          2
 Maxwell's Portable Pile  Tloc           78%        2d(13-37) 1%          3
 Mephitic Cloud           Conj/Alch/Air  59%        N/A       1%          3
 Passwall                 Erth           62%        N/A       1%          3
 Summon Ice Beast         Ice/Summ       95%        N/A       1%          3
 Teleport Other           Tloc           78%        N/A       1%          3
 Volatile Blastmotes      Fire/Tloc      100%       2d18      1%          3
 Anguish                  Hex/Necr       43%        N/A       1%          4
 Animate Armour           Summ/Erth      100%       N/A       1%          4
 Summon Blazeheart Golem  Fire/Summ      95%        N/A       1%          4
 Summon Lightning Spire   Summ/Air       100%       N/A       1%          4
 Borgnjor's Vile Clutch   Necr/Erth      46%        N/A       1%          5
 Summon Forest            Summ/Tloc      53%        N/A       1%          5
 Summon Mana Viper        Hex/Summ       95%        N/A       1%          5
 Monstrous Menagerie      Summ           63%        N/A       1%          7
 Summon Hydra             Summ           63%        N/A       1%          7
 Freeze                   Ice            100%       1d10      2%          1
 Slow                     Hex            100%       N/A       2%          1
 Stone Arrow              Conj/Erth      100%       3d13      2%          3
 Airstrike                Air            35%        2d(5-21)  2%          4
 Iskenderun's Mystic Bla  Conj/Tloc      66%        2d14      (+2d73%     4
 Borgnjor's Revivificati  Necr           57%        N/A       3%          8
 Ensorcelled Hibernation  Hex/Ice        76%        N/A       4%          2
 Jinxbite                 Hex            76%        N/A       4%          2
 Scorch                   Fire           76%        2d8       4%          2
 Dimensional Bullseye     Hex/Tloc       31%        N/A       4%          4
 Dazzling Flash           Conj/Hex       92%        N/A       5%          3
 Hailstorm                Conj/Ice       46%        3d10      5%          3
 Spellforged Servitor     Conj/Summ      49%        N/A       6%          7
 Confusing Touch          Hex            38%        N/A       8%          3
 Frozen Ramparts          Ice            76%        1d12      8%          3
 Inner Flame              Hex/Fire       38%        N/A       8%          3
 Ozocubu's Armour         Ice            38%        N/A       8%          3
 Sigil of Binding         Hex            38%        N/A       8%          3
 Tukima's Dance           Hex            38%        N/A       8%          3
 Brom's Barrelling Bould  Conj/Erth      57%        2d7       8%          4
 Leda's Liquefaction      Alch/Erth      28%        N/A       8%          4
 Petrify                  Alch/Erth      57%        N/A       8%          4
 Fulminant Prism          Conj/Alch      26%        3d14      11%         4
 Olgreb's Toxic Radiance  Alch           53%        N/A       11%         4
 Arcjolt                  Conj/Air       31%        1d41      14%         5
 Lee's Rapid Deconstruct  Erth           31%        3d16*     14%         5
 Dispersal                Tloc           39%        N/A       16%         6
 Gell's Gavotte           Tloc           39%        2d(28-42) 16%         6
 Flame Wave               Conj/Fire      46%        2d12      17%         4
 Ignite Poison            Fire/Alch      46%        N/A       17%         4
 Sticky Flame             Fire/Alch      46%        2d9       17%         4
 Silence                  Hex/Air        28%        N/A       22%         5
 Freezing Cloud           Conj/Ice/Air   28%        6-21      24%         5
 Cause Fear               Hex            19%        N/A       26%         4
 Alistair's Intoxication  Alch           35%        N/A       30%         5
 Irradiate                Conj/Alch      26%        3d20      30%         5
 Iskenderun's Battlesphe  Conj           53%        2d10      30%         5
 Fireball                 Conj/Fire      23%        3d11      43%         5
 Yara's Violent Unravell  Hex/Alch       23%        3d10      43%         5
 Death's Door             Necr           57%        N/A       43%         9
 Metabolic Englaciation   Hex/Ice        19%        N/A       58%         5
 Conjure Ball Lightning   Conj/Air       31%        3x3d10    61%         6
 Manifold Assault         Tloc           39%        N/A       63%         7
 Bombard                  Conj/Erth      28%        9d5       75%         6
 Plasma Beam              Fire/Air       28%        2x1d41    75%         6
 Eringya's Noxious Bog    Alch           26%        4d6       86%         6
 Permafrost Eruption      Ice/Erth       26%        2x4d6     87%         6
 Sculpt Simulacrum        Ice/Alch       23%        N/A       95%         6
 Starburst                Conj/Fire      23%        6d8       95%         6
 Enfeeble                 Hex            19%        N/A       100%        7
 Orb of Destruction       Conj           26%        9d9       100%        7
 Ozocubu's Refrigeration  Ice            19%        4d11      100%        7
 Discord                  Hex            19%        N/A       100%        8
 Disjunction              Tloc           39%        N/A       100%        8
 Ignition                 Fire           19%        3d7       100%        8
 Lehudib's Crystal Spear  Conj/Erth      28%        10d8      100%        8
 Maxwell's Capacitive Co  Air            35%        ∞         100%        8
 Chain Lightning          Conj/Air       31%        3d41      100%        9
 Fire Storm               Conj/Fire      23%        8d6       100%        9
 Polar Vortex             Ice            19%        12d2*     100%        9
 Shatter                  Erth           31%        3d25*     100%        9


Dungeon Overview and Level Annotations

Branches:
Dungeon (15/15)            Temple (1/1) D:4            Lair (5/5) D:10
 Shoals (4/4) Lair:2        Snake (4/4) Lair:3        Slime (5/5) Lair:4
    Orc (2/2) D:10            Elf (3/3) Orc:2        Vaults (5/5) D:14
  Crypt (3/3) Vaults:3       Tomb (3/3) Crypt:3      Depths (4/4) D:15
   Hell (visited)             Dis (7/7) Hell            Geh (7/7) Hell
    Coc (7/7) Hell            Tar (7/7) Hell            Zot (5/5) Depths:4
Ossuary (visited)          WizLab (visited)         Gauntlet (visited)

Altars:
Ashenzari
Cheibriados
Dithmenos
Fedhas
Gozag
Hepliaklqana
Kikubaaqudgha
Makhleb
Nemelex Xobeh
Okawaru
Qazlal
Ru
Sif Muna
Trog
Uskayaw
Vehumet
Wu Jian
Xom
Yredelemnul
Beogh
Jiyva

Shops:
D:1 !=[(   D:9 (   Orc:1 ((*=*   Orc:2 *=[*   Elf:1 (:[[[   Elf:2 *   Elf:3 [:
Snake:2 ?   Snake:3 *((   Vaults:1 :   Vaults:2 (   Depths:1 =:=   Depths:4 **

Portals:
Hell: Depths:1 Depths:2 Depths:3 Depths:4
Abyss: D:7 Depths:1 Depths:3
Pandemonium: Orc:2 Depths:1 Depths:2 Depths:4
Ziggurat: Depths:4

Annotations:
D:7 2 transporters, adelrune's ghost, novice MfSh
Vaults:2 3 runed translucent doors, Jyghoireu's ghost, veteran HOMo
Depths:3 1 transporter


Innate Abilities, Weirdness & Mutations

You are an undying horror.
Your melee and unarmed attacks drain, slow and weaken victims.
You are immune to unholy pain and torment.
You cannot drink.
You are immune to poison.
You are surrounded by a strong repulsion field. (EV +4, RMsl)
You frequently emit foul miasma when damaged in melee.
You are extremely robust. (+30% HP)
You have a sharp stinger which inflicts weakening toxins.
You are darkly shadowed, frequently releasing foul flame when damaged in melee.
You have very sharp teeth.
You are partially covered in large bone plates. (SH +4)
Your mind is acute. (Int +4, Str/Dex -1)
Your natural rate of healing is unusually fast.


Message History

Your fire dragon tramples the Brimstone Fiend but does no damage.
Your shadow dragon bites the Brimstone Fiend.
Your shadow dragon claws the Brimstone Fiend. x2
Casting: Dragon's Call (mildly dangerous; 4% risk of failure)
Confirm with . or Enter, or press ? or * to list all spells.
A dragon arrives to answer your call!
Your quicksilver dragon completely misses the Brimstone Fiend.
Your quicksilver dragon claws the Brimstone Fiend but does no damage.
Your shadow dragon bites the Brimstone Fiend.
Your shadow dragon claws the Brimstone Fiend.
Your shadow dragon claws the Brimstone Fiend but does no damage.
The Brimstone Fiend hits your fire dragon!!
The Brimstone Fiend hits your fire dragon! x2
Your fire dragon bites the Brimstone Fiend but does no damage.
Your fire dragon claws the Brimstone Fiend but does no damage.
Your fire dragon tramples the Brimstone Fiend.
The Brimstone Fiend holds its ground!
Your quicksilver dragon bites the Brimstone Fiend but does no damage.
Your quicksilver dragon claws the Brimstone Fiend but does no damage.
Your shadow dragon bites the Brimstone Fiend but does no damage.
Your shadow dragon claws the Brimstone Fiend but does no damage.
Your shadow dragon claws the Brimstone Fiend.
Your large abomination hits the Brimstone Fiend!!
Your quicksilver dragon bites the Brimstone Fiend.
Your quicksilver dragon claws the Brimstone Fiend!
The Brimstone Fiend hits your quicksilver dragon. x3
Your fire dragon completely misses the Brimstone Fiend.
Your fire dragon claws the Brimstone Fiend but does no damage.
Your fire dragon tramples the Brimstone Fiend but does no damage.
You could not reach far enough!
A dragon arrives to answer your call!
Your quicksilver dragon bites the Brimstone Fiend.
The Brimstone Fiend dies!
Sif Muna accepts your kill.
No target in view!
No target in view!
You swap places.
You swap places.
There is an open door here.
There is a staircase leading out of the dungeon here.
You have escaped!

#)###############
#...............########
.......................#
########.......X...###.# ##
#......DDX#.# #.# .#
#.....###.X.# #.# .#
##....###D### #.# .#
#....##DD.####.# ##
##.#..##.z.#.##.########
########.###.##...#...........###
........## #####'##.##...####....
########.###.....####ß.ß.# #####
##.#.#....#....∩..#
##.###...#..#ß.ß##
######.###.##(.# # #.....#
#.##..######### #.#####
#.##.........##


You could see a friendly shadow dragon (summoned), a friendly fire dragon
(summoned), 2 friendly quicksilver dragons and 3 friendly large abominations.

Vanquished Creatures
  Cerebov (Pan)
  A pandemonium lord (Pan)
  8 dread liches
  An orb of fire (Zot:5)
  Mara (Depths:2)
  3 ancient liches
  The ghost of Obluekk the Hoplite, a veteran MiBe of Trog (Zot:5)
  Josephina (Depths:4)
  8 royal mummies
  The ghost of Yculenutt the Cryomancer, a master MfIE of Vehumet (Zot:5)
  6 shard shrikes
  Boris (Crypt:3)
  6 caustic shrikes
  3 golden dragons
  2 profane servitors (Crypt:3)
  17 bone dragons
  3 doom hounds (Tar:7)
  5 Tzitzimimeh
  3 Brimstone Fiends
  7 hellephants
  5 tentacled monstrosities
  A spectral shard shrike (Tar:3)
  3 Hell Sentinels
  3 Ice Fiends
  Mlioglotl (Snake:2)
  3 liches
  A tainted leviathan (Tar:2)
  A shard shrike skeleton (Crypt:1)
  6 Orb Guardians (Zot:5)
  2 titans
  8 searing wretches
  A quicksilver dragon (Zot:3)
  12 Executioners
  An acid blob (Slime:5)
  5 tentacled starspawn
  11 ancient champions
  4 sphinxes
  4 death cobs
  Aizul (Snake:3)
  2 shadow dragons
  2 tengu reavers
  2 nagarajas
  2 fenstrider witches
  Roxanne (D:15)
  2 storm dragons
  A rockslime (Slime:5)
  Ilsuiw (Shoals:2)
  Donald (Snake:4)
  An azure jelly (Slime:5)
  The ghost of Koicuiqofu the Impaler, an adept DsGl of Gozag (Elf:1)
  4 protean progenitors
  4 narguns
  A revenant (Abyss:2)
  2 fire giants
  A draconian knight (Zot:3)
  A draconian shifter (Depths:4)
  A ghost moth (Zot:3)
  3 frost giants
  2 draconian scorchers
  3 curse skulls
  A deep elf sorcerer (Elf:2)
  2 spectral juggernauts
  2 shard shrike simulacra
  The ghost of jasper the Severer, a journeyman DsFi of Hepliaklqana (Shoals:1)
  17 balrugs
  2 draconian stormcallers
  10 ghouls
  2 iron dragons
  7 reapers (Pan)
  2 orc warlords (Orc:1)
  2 vault wardens
  A spriggan defender (Depths:3)
  3 angels (Pan)
  A spectral caustic shrike (Tar:3)
  4 ironbound preservers
  2 quicksilver oozes (Slime:5)
  A draconian annihilator (Zot:1)
  2 demonspawn blood saints (Pan)
  8 very ugly things
  6 stone giants
  A caustic shrike skeleton (Pan)
  3 ophanim (Pan)
  3 cacodemons (Pan)
  A formless jellyfish (Vaults:2)
  3 apis (Pan)
  2 ironbound thunderhulks
  3 green draconians
  3 putrid mouths
  6 elemental wellsprings
  8 vampire knights
  2 black draconians
  2 deep elf death magi
  A spark wasp (Depths:2)
  2 purple draconians (Zot:1)
  3 yellow draconians
  2 bennus (Tomb:2)
  4 wendigos
  4 lorocyprocas (Pan)
  A deep elf demonologist (Elf:2)
  2 white draconians (Depths:4)
  13 eidola
  A minotaur (Gauntlet)
  3 red draconians
  2 war gargoyles (Zot:2)
  3 iron golems
  3 blizzard demons
  3 ettins
  5 merfolk impalers
  Snorg (D:10)
  3 shambling mangroves (WizLab)
  2 jiangshi (Depths:3)
  6 mummy priests
  2 green deaths (Pan)
  5 yaktaur captains
  A deep elf high priest (Vaults:5)
  4 fire dragons
  A merfolk javelineer (Shoals:4)
  A rakshasa (Depths:1)
  A quicksilver dragon zombie (Crypt:3)
  3 great orbs of eyes
  5 ice dragons
  4 salamander tyrants
  2 hydras (D:15)
  A spriggan zombie (Crypt:3)
  A peacekeeper (Vaults:3)
  6 vault guards
  2 spriggan air magi (Depths:1)
  A spectral spriggan (Tar:5)
  A demonspawn (Orc:2)
  4 juggernaut simulacra
  3 ironbound frosthearts
  A caustic shrike simulacrum (Coc:3)
  3 catoblepae
  An alligator snapping turtle (Shoals:4)
  A merfolk avatar (Shoals:1)
  A stoker (Geh:6)
  4 deep troll shamans
  12 anacondas
  3 boulder beetles
  A two-headed ogre (Orc:1)
  A spriggan skeleton (Tomb:1)
  8 centaur warriors
  2 hell hogs (Geh:5)
  An Orb Guardian skeleton (Crypt:2)
  3 death knights
  A two-headed ogre (shapeshifter) (Vaults:4)
  9 death yaks
  2 tengu warriors (Depths:3)
  9 dancing weapons
  Urug (D:10)
  A demonic crawler (Hell)
  3 deep troll earth magi
  9 orc high priests
  19 death scarabs
  10 naga sharpshooters
  8 thrashing horrors (Abyss:3)
  7 vampire magi
  7 naga warriors
  6 soul eaters
  5 wretched stars
  An occultist (Depths:3)
  3 shock serpents
  3 spriggan berserkers
  3 hellephant skeletons (Pan)
  2 hell knights (Vaults:5)
  26 sun demons
  3 iron trolls
  6 salamander mystics
  A titan skeleton (Crypt:2)
  5 deep elf knights
  7 shadow wraiths
  8 sixfirhies
  A bunyip zombie (Crypt:3)
  3 skysharks
  An anaconda zombie (Tomb:2)
  6 shadow demons
  A goliath frog (Pan)
  18 skeletal warriors
  A death drake (Abyss:3)
  6 deep elf archers
  7 glowing orange brains
  8 sea snakes
  A glowing orange brain (shapeshifter) (D:15)
  3 quicksilver dragon simulacra
  2 flayed ghosts
  4 cherubim (Pan)
  20 deep trolls
  3 arcanists
  7 mana vipers
  24 phantasmal warriors
  3 naga ritualists
  2 spriggan simulacra
  A steelbarb worm (Zot:3)
  3 sun moths (Pan)
  8 ironbound convokers
  A bog body (Crypt:1)
  An iron giant skeleton (Crypt:2)
  A thermic dynamo (Elf:2)
  5 lindwurms
  16 deep elf zephyrmancers
  A lightning spire (Zot:2)
  15 deep elf pyromancers
  A steelbarb worm (shapeshifter) (Vaults:5)
  6 orc knights
  3 wolf spiders (Crypt:3)
  An oklob plant (Lair:2)
  A shadow dragon skeleton (Crypt:1)
  17 harpies
  27 ugly things
  8 salamanders
  3 fauns
  5 elephants
  2 orc sorcerers
  2 spectral merfolk (Shoals:1)
  4 cyclopes
  13 manticores
  A centaur zombie (Crypt:3)
  A merfolk siren (Shoals:1)
  8 moths of wrath
  10 guardian serpents
  3 vault sentinels
  An apocalypse crab (Abyss:3)
  A shock serpent zombie (Crypt:2)
  A rust devil (Abyss:2)
  11 naga magi
  An eleionoma skeleton (Crypt:1)
  A kobold blastminer (Orc:1)
  A gargoyle (D:14)
  26 black mambas
  2 titan simulacra
  5 smoke demons
  4 water nymphs
  An orange demon (Pan)
  11 cane toads
  An unseen horror (shapeshifter) (D:13)
  3 rime drakes
  2 kobold demonologists (D:12)
  An alligator snapping turtle zombie (Crypt:3)
  2 unseen horrors
  2 efreet (Pan)
  10 large abominations
  16 hellions
  11 yaktaurs
  A golden dragon simulacrum (Coc:3)
  3 komodo dragons
  6 tormentors
  8 freezing wraiths
  4 ice devils
  3 ancient zymes
  2 spectral harpies (Tar:5)
  A troll (shapeshifter) (D:13)
  12 guardian mummies
  2 catoblepas skeletons (Abyss:3)
  A harpy zombie (Crypt:3)
  5 red devils (Pan)
  4 wind drakes
  13 merfolk
  An anaconda simulacrum (Coc:5)
  An iron giant simulacrum (Coc:5)
  4 hellwings
  2 polar bears
  4 trolls
  2 jumping spiders (Crypt:3)
  4 hornets
  A tarantella (shapeshifter) (Abyss:3)
  3 blink frogs (Lair:1)
  52 nameless horrors
  An iron dragon simulacrum (Coc:6)
  A spectral manticore (Shoals:1)
  A glass eye (Pan)
  4 snapping turtles
  A stone giant simulacrum (Coc:3)
  2 raiju (Abyss:3)
  12 slime creatures
  4 spriggans
  3 wyverns
  A black mamba zombie (Crypt:3)
  9 wraiths
  2 air elementals
  A yak (shapeshifter) (Elf:1)
  2 dire elephant simulacra
  8 water elementals
  A tyrant leech zombie (Crypt:2)
  5 fire elementals
  A slime creature zombie (Crypt:1)
  7 ushabtiu
  A vampire (D:11)
  12 ynoxinuls
  14 yaks
  3 golden eyes
  A steam dragon (D:6)
  2 basilisks
  A fire bat (Abyss:2)
  2 neqoxecs
  A warg (Orc:1)
  3 vampire mosquitoes (D:8)
  A sea snake simulacrum (Shoals:1)
  10 chaos spawn
  14 nagas
  2 spatial vortices
  2 harpy simulacra
  A tengu zombie (Depths:1)
  2 naga zombies (Crypt:3)
  2 hydra simulacra
  A swamp worm (Snake:4)
  A hell hound (Abyss:3)
  11 water moccasins
  A cane toad skeleton (Crypt:1)
  3 black bears
  A naga skeleton (Abyss:3)
  An ettin simulacrum (Coc:3)
  2 ice beasts (D:7)
  A glowing shapeshifter skeleton (Vaults:2)
  11 orc warriors
  7 small abominations
  12 laughing skulls
  A satyr simulacrum (Shoals:1)
  5 ogres
  7 wolves
  2 phantoms
  7 centaurs
  A human skeleton (Vaults:5)
  A vine stalker zombie (Crypt:1)
  A kobold brigand (D:12)
  4 earth elementals
  A brain worm (Abyss:3)
  7 bullfrogs
  2 scorpions (D:4)
  4 water moccasin zombies (Ossuary)
  14 wights
  9 wyvern skeletons (Crypt:3)
  3 merfolk simulacra (Shoals:1)
  A snapping turtle simulacrum (Shoals:1)
  6 electric eels
  4 howler monkeys
  2 crimson imps
  2 bombardier beetles
  3 quasits
  11 orc priests
  3 hounds
  A starcursed mass (Abyss:2)
  An iguana (D:5)
  2 iron imps
  Ijyb (D:3)
  Terence (D:3)
  8 orc wizards
  A hell rat (Hell)
  A crocodile zombie (Crypt:2)
  An ogre skeleton (Crypt:2)
  12 mummies
  7 adders
  A gnoll (D:7)
  A shadow imp (D:4)
  2 white imps
  4 ufetubi
  An adder zombie (Ossuary)
  2 dart slugs
  31 orcs
  4 bats
  6 endoplasms
  3 giant cockroaches
  4 gnoll zombies (Ossuary)
  6 goblins
  3 hobgoblins
  6 jackals
  4 kobolds
  2 quokkas
  4 ball pythons
  An endoplasm zombie (Crypt:2)
  5 frilled lizards
  A frilled lizard zombie (Crypt:1)
  A jackal skeleton (Crypt:1)
  8 jackal zombies (Ossuary)
  2 orc zombies (Ossuary)
  4 rats
  A spectral hobgoblin (D:15)
  9 starspawn tentacles
1609 creatures vanquished.

Vanquished Creatures (collateral kills)
  Antaeus (Coc:7)
  Asmodeus (Geh:7)
  the Royal Jelly (Slime:5)
  Mnoleg (Pan)
  5 pandemonium lords (Pan)
  Ereshkigal (Tar:7)
  Gloorx Vloq (Pan)
  Lom Lobon (Pan)
  A seraph (Pan)
  the Serpent of Hell (Geh:7)
  3 orbs of fire
  4 dread liches
  Dispater (Dis:7)
  3 ancient liches
  3 juggernauts
  The ghost of Wurghat the Shapeless Troll, a master TrSh of the Shining One (Zot:5)
  21 shard shrikes
  Bai Suzhen (Crypt:2)
  8 royal mummies
  4 Killer Klowns (Zot:5)
  Vv (Zot:3)
  Boris (Depths:3)
  Geryon (Hell)
  13 caustic shrikes
  10 Tzitzimimeh
  13 golden dragons
  4 profane servitors
  14 bone dragons
  Nikola (Snake:4)
  12 doom hounds
  A shard shrike zombie (Abyss:3)
  6 hellephants
  11 Brimstone Fiends
  10 iron giants
  3 electric golems
  A spectral shard shrike (Tar:5)
  16 Hell Sentinels
  A walking crystal tome (Depths:2)
  Rupert (D:15)
  16 Orb Guardians (Zot:5)
  Grunn (Zot:1)
  14 tentacled monstrosities
  A walking divine tome (Depths:2)
  4 liches
  15 searing wretches
  11 Ice Fiends
  11 titans
  17 tainted leviathans
  3 deep elf master archers
  11 sphinxes
  Frances (Shoals:2)
  14 acid blobs
  A deep elf blademaster (Elf:3)
  10 Executioners (Pan)
  10 tentacled starspawn
  4 death cobs
  8 ancient champions
  4 eldritch tentacles
  2 thorn hunters (WizLab)
  12 storm dragons
  13 shadow dragons
  6 tengu reavers
  4 daevas
  13 narguns
  2 fenstrider witches
  8 rockslimes
  2 nagarajas
  12 protean progenitors
  4 draconian monks
  7 frost giants
  4 azure jellies
  7 demonspawn warmongers (Pan)
  2 iron dragons
  8 vault wardens
  A revenant (Tomb:1)
  43 balrugs
  3 deep elf elementalists (Elf:3)
  17 fire giants
  3 draconian shifters
  8 deep elf sorcerers
  2 draconian scorchers
  2 spectral juggernauts
  2 curse skulls (Pan)
  A caustic shrike zombie (Tomb:3)
  3 ghost moths
  8 quicksilver elementals
  3 ghouls
  9 shard shrike simulacra
  4 angels
  3 spectral caustic shrikes
  6 cacodemons (Pan)
  4 draconian stormcallers
  An orc warlord (Vaults:2)
  21 stone giants
  23 reapers
  7 demonspawn blood saints (Pan)
  2 demonspawn corrupters (Pan)
  16 ironbound preservers
  A formless jellyfish (Pan)
  5 ironbound thunderhulks
  An apis (Pan)
  2 caustic shrike skeletons (Pan)
  16 very ugly things
  8 quicksilver oozes (Slime:5)
  9 draconian annihilators
  2 vampire knights (Depths:2)
  4 ophanim (Pan)
  9 green draconians
  5 demonspawn black suns (Pan)
  An eleionoma (WizLab)
  3 juggernaut skeletons (Pan)
  12 black draconians
  17 putrid mouths
  2 bennus (Tomb:2)
  8 deep elf death magi
  10 deep elf annihilators
  17 war gargoyles
  2 bunyips (Zot:2)
  4 deep elf demonologists (Elf:3)
  19 elemental wellsprings
  6 purple draconians
  9 white draconians
  Azrael (Snake:2)
  6 yellow draconians
  6 red draconians
  10 lorocyprocas
  14 wendigos
  15 eidola
  3 spark wasps
  9 ettins
  12 iron golems
  12 blizzard demons
  5 jiangshi
  4 crystal guardians
  7 fire dragons
  4 green deaths
  15 mummy priests
  A merfolk javelineer (Shoals:4)
  A spriggan zombie (Hell)
  A quicksilver dragon zombie (Abyss:3)
  A spectral iron giant (Tar:3)
  An entropy weaver (Vaults:4)
  A spectral quicksilver dragon (Tar:7)
  9 merfolk impalers
  A fenstrider witch zombie (Abyss:2)
  8 yaktaur captains
  5 deep elf high priests (Elf:3)
  7 rakshasas
  A spectral spriggan (Tar:3)
  2 hell beasts (Pan)
  11 salamander tyrants
  28 vault guards
  3 ogre magi
  3 hydras
  5 juggernaut simulacra
  3 peacekeepers
  6 great orbs of eyes
  A hydra (shapeshifter) (Vaults:5)
  3 spriggan air magi
  4 spriggan skeletons
  8 ice dragons
  3 boulder beetles (Abyss:3)
  3 jorogumos (Pan)
  2 alligator snapping turtles (Shoals:4)
  5 caustic shrike simulacra
  5 ironbound frosthearts
  4 satyrs
  4 catoblepae
  12 anacondas
  A radroach (Zot:3)
  An anaconda (shapeshifter) (Vaults:5)
  3 two-headed ogres (Zot:1)
  4 centaur warriors
  5 merfolk aquamancers
  20 dancing weapons
  3 stokers
  10 deep troll shamans
  34 hell hogs
  A demonic crawler (Hell)
  42 death scarabs
  An occultist (Depths:3)
  7 death yaks
  4 deep troll earth magi
  3 tengu warriors
  A sphinx skeleton (Vaults:2)
  A spriggan berserker (Depths:3)
  12 thrashing horrors
  2 orc high priests (Orc:2)
  14 soul eaters
  2 titan zombies
  A spectral dire elephant (Tar:5)
  3 shock serpents
  9 hell knights
  5 naga sharpshooters
  8 naga warriors
  A spriggan (Depths:3)
  54 sun demons
  13 deep elf knights
  10 shadow wraiths
  3 iron trolls
  5 wretched stars
  7 crystal echidnas
  12 sixfirhies
  6 salamander mystics
  A titan skeleton (Hell)
  A spectral anaconda (Tar:1)
  A hellephant skeleton (Pan)
  3 skysharks
  A goliath frog (Pan)
  3 flayed ghosts
  14 sea snakes
  38 deep trolls
  2 bunyip zombies
  11 deep elf archers
  5 arcanists
  A snapping turtle (shapeshifter) (Vaults:5)
  2 spatial maelstroms
  7 skeletal warriors
  5 cherubim (Pan)
  6 shadow demons
  An anaconda skeleton (Hell)
  2 quicksilver dragon simulacra
  An orb spider (shapeshifter) (Elf:3)
  2 glowing orange brains (Pan)
  10 mana vipers
  2 spriggan simulacra
  6 sun moths (Pan)
  A spectral iron dragon (Tar:4)
  4 lightning spires (Zot:2)
  A lindwurm (shapeshifter) (Vaults:5)
  5 naga ritualists
  6 lindwurms
  20 deep elf pyromancers
  6 thermic dynamos
  14 ironbound convokers
  8 necromancers
  6 harpies
  2 steelbarb worms (Zot:3)
  4 orc sorcerers
  4 orc knights
  2 phantasmal warriors
  2 spectral ettins
  20 salamanders
  19 deep elf zephyrmancers
  A faun (shapeshifter) (Vaults:5)
  23 ugly things
  10 manticores
  4 cyclopes
  4 shining eyes
  7 fauns
  A will-o-the-wisp (Abyss:3)
  2 oklob plants (WizLab)
  2 worldbinders (Abyss:2)
  12 elephants
  21 large abominations
  10 merfolk sirens
  22 moths of wrath
  6 naga magi
  25 black mambas
  5 water nymphs
  2 apocalypse crabs (Abyss:3)
  7 vault sentinels
  2 ice statues
  26 smoke demons
  Maggie (D:7)
  16 orange demons
  4 rust devils
  An alligator snapping turtle zombie (Tomb:3)
  9 cane toads
  A human skeleton (Vaults:2)
  7 eyes of devastation
  A storm dragon simulacrum (Depths:4)
  7 nameless horrors
  11 yaktaurs
  3 ice devils
  21 hellions
  A rime drake (Lair:5)
  25 tormentors
  2 freezing wraiths
  4 efreet (Pan)
  4 komodo dragons
  Psyche (D:10)
  3 tengu conjurers
  5 catoblepas skeletons (Abyss:3)
  2 iron giant simulacra
  7 ancient zymes
  3 anaconda simulacra (Coc:5)
  A spectral harpy (Tar:1)
  7 red devils
  37 guardian mummies
  A harpy zombie (Crypt:3)
  A silent spectre (Tar:2)
  A death yak skeleton (Crypt:2)
  3 golden dragon simulacra
  4 trolls
  5 hellwings (Pan)
  An iron troll skeleton (Crypt:2)
  23 merfolk
  2 spectral nagas
  7 hornets
  A wind drake (shapeshifter) (Vaults:5)
  3 jumping spiders (Crypt:3)
  Grinder (D:3)
  A hydra skeleton (Hell)
  2 stone giant simulacra
  5 wind drakes
  10 glass eyes
  25 raiju
  An ettin zombie (Crypt:3)
  8 snapping turtles
  An iron dragon simulacrum (Coc:5)
  42 slime creatures
  A black mamba zombie (Hell)
  An air elemental (Zot:2)
  2 centaur simulacra (D:14)
  6 dire elephant simulacra
  4 wraiths
  9 small abominations
  16 ushabtiu
  A vampire (Abyss:2)
  22 ynoxinuls
  9 water elementals
  A warg (Elf:2)
  2 fire elementals
  3 wyverns
  33 yaks
  A redback (Crypt:3)
  5 basilisks
  8 neqoxecs
  4 vampire mosquitoes
  20 chaos spawn
  23 nagas
  2 spatial vortices (Abyss:3)
  7 harpy simulacra
  A naga skeleton (Tomb:3)
  7 hell hounds
  A hydra simulacrum (Coc:7)
  8 water moccasins
  3 ettin simulacra
  19 orc warriors
  2 black bears (D:10)
  A merfolk simulacrum (Hell)
  5 laughing skulls
  11 wolves
  A crocodile (shapeshifter) (D:15)
  12 starcursed masses
  3 centaurs (D:14)
  An ogre (D:4)
  3 weeping skulls
  A phantom (D:5)
  2 brain worms (Abyss:3)
  2 bullfrogs
  9 earth elementals
  2 scorpions
  2 water moccasin zombies (Ossuary)
  A glowing shapeshifter simulacrum (Depths:4)
  Dowan (D:4)
  4 wights
  A wyvern skeleton (Crypt:3)
  A howler monkey (D:9)
  6 crimson imps (Abyss:2)
  A jelly (D:6)
  A human simulacrum (Vaults:5)
  17 orc priests
  A bombardier beetle (D:5)
  A gnoll bouda (D:9)
  Crazy Yiuf (D:2)
  An iron imp (Abyss:3)
  A spectral scorpion (Ossuary)
  2 iguanas
  8 orc wizards
  11 hell rats
  A crocodile zombie (Ossuary)
  A deep dwarf zombie (Crypt:2)
  54 mummies
  7 gnolls
  2 adders
  2 white imps
  2 ufetubi
  2 adder zombies (Ossuary)
  A dart slug (D:2)
  43 orcs
  4 endoplasms
  3 goblins
  2 hobgoblins
  3 jackals
  6 kobolds
  2 quokkas (D:1)
  3 ball pythons
  5 bats
  2 frilled lizards (D:1)
  5 gnoll zombies (Ossuary)
  2 orc zombies (Ossuary)
  6 aspiring fleshes
  6 creeping infernos
  11 fire vortices
  7 starspawn tentacles (Abyss:3)
2682 creatures vanquished.

Vanquished Creatures (others)
  A dread lich (Abyss:4)
  A golden dragon (Depths:4)
  2 doom hounds (Zot:1)
  34 eldritch tentacles
  A death cob (Zot:3)
  A fenstrider witch (WizLab)
  A draconian shifter (Zot:2)
  A fire giant (Depths:1)
  A ghost moth (Zot:2)
  2 shard shrike simulacra
  A reaper (Pan)
  A demonspawn blood saint (Pan)
  An elemental wellspring (Coc:4)
  A red draconian (Zot:1)
  A black draconian (Zot:2)
  A war gargoyle (Zot:2)
  2 very ugly thing zombies (Depths:1)
  An ettin (Depths:1)
  A deep elf high priest (Elf:3)
  A peacekeeper (Vaults:3)
  A caustic shrike simulacrum (Coc:7)
  A juggernaut simulacrum (Coc:5)
  An anaconda (Snake:4)
  A hell hog (Geh:6)
  A sun demon (Pan)
  A spriggan simulacrum (Coc:2)
  An ironbound convoker (Vaults:5)
  A deep elf zephyrmancer (Elf:1)
  2 ugly thing zombies (Vaults:3)
  A moth of wrath (Zot:4)
  A stone giant zombie (Depths:1)
  3 orc zombies
  A black mamba (Snake:4)
  A water nymph (Shoals:2)
  2 titan simulacra
  3 yaktaur zombies (Vaults:4)
  2 spriggan zombies (Depths:1)
  An ice devil (Pan)
  An iron dragon simulacrum (Coc:2)
  A fire dragon zombie (Depths:1)
  2 ice dragon zombies (Depths:1)
  An air elemental (Zot:2)
  A slime creature zombie (Vaults:2)
  A ynoxinul (Depths:1)
  An alligator snapping turtle simulacrum (Coc:2)
  A chaos spawn (Pan)
  A neqoxec (Abyss:3)
  17 deep troll zombies
  A hell hound (Snake:2)
  7 human zombies
  2 boggarts (Vaults:4)
  A mummy (Tomb:1)
  2 orcs
  9 ball lightnings (Pan)
  A creeping inferno (Geh:7)
  4 fire vortices
  2 foxfires (Abyss:3)
  25 starspawn tentacles
162 creatures vanquished.

Grand Total: 4453 creatures vanquished

Notes
Turn   | Place    | Note
-------+----------+-------------------------------------------
     0 | D:1      | gameguard the Demonspawn Wanderer began the quest for the
                  | Orb.
     0 | D:1      | gameguard set off with the following items: a +0 dagger, a
                  | potion of curing, a +0 robe, a +0 pair of boots; and the
                  | following spells available to memorise: Summon Small
                  | Mammal, Call Imp, Sting, Dazzling Flash, Summon Lightning
                  | Spire.
     0 | D:1      | Reached XP level 1. HP: 13/13 MP: 6/6
     2 | D:1      | Learned a level 1 spell: Summon Small Mammal
    18 | D:1      | Found Fuason's Armour Emporium.
    47 | D:1      | Found Ruejyhuv's Weapon Shop.
   382 | D:1      | Gained mutation: You are faintly shadowed, very rarely
                  | releasing foul flame when damaged in melee. [demonic
                  | ancestry]
   382 | D:1      | Reached XP level 2. HP: 19/19 MP: 6/8
   427 | D:1      | Learned a level 2 spell: Call Imp
   637 | D:1      | Found Lisaush's Distillery.
   669 | D:1      | Found Qikhle's Magic Scroll Shop.
   686 | D:1      | Found Xestot's Jewellery Shop.
   949 | D:1      | Reached skill level 4 in Summonings
  1329 | D:2      | Reached XP level 3. HP: 23/25 MP: 6/9
  1533 | D:2      | Found a runed translucent door.
  1534 | D:2      | Noticed Crazy Yiuf
  1702 | D:2      | Reached skill level 1 in Fighting
  1788 | D:2      | Found a shimmering altar of Xom.
  2222 | D:2      | Killed Crazy Yiuf
  2223 | D:2      | Gained mutation: You are surrounded by a mild repulsion
                  | field. (EV +2) [demonic ancestry]
  2223 | D:2      | Reached XP level 4. HP: 33/33 MP: 4/11
  2387 | D:3      | Learned a level 4 spell: Summon Lightning Spire
  2524 | D:3      | Identified the +4 robe of Juicho Dodeo {Harm}
  2958 | D:3      | Noticed Ijyb
  2984 | D:3      | Killed Ijyb
  2985 | D:3      | Reached XP level 5. HP: 27/38 MP: 9/12
  3125 | D:3      | Noticed Terence
  3159 | D:3      | Killed Terence
  3160 | D:3      | Reached skill level 1 in Air Magic
  3299 | D:3      | Noticed Grinder
  3506 | D:3      | Paralysed by Grinder for 4 turns
  3542 | D:3      | Killed Grinder
  3543 | D:3      | Reached skill level 5 in Summonings
  3543 | D:3      | Reached skill level 1 in Evocations
  3543 | D:3      | Gained mutation: You are surrounded by a moderate repulsion
                  | field. (EV +3) [demonic ancestry]
  3543 | D:3      | Reached XP level 6. HP: 40/44 MP: 5/14
  3813 | D:4      | Noticed Duvessa
  3818 | D:4      | Duvessa changed into Duvessa the iguana
  3818 | D:4      | Noticed Duvessa
  3821 | D:4      | Noticed Dowan
  3829 | D:4      | Killed Duvessa the iguana
  3841 | D:4      | Killed Dowan
  4096 | D:4      | Gained mutation: You are shadowed, sometimes releasing foul
                  | flame when damaged in melee. [demonic ancestry]
  4096 | D:4      | Reached XP level 7. HP: 39/50 MP: 15/15
  4824 | D:4      | Reached skill level 1 in Short Blades
  4908 | D:4      | Found a staircase to the Ecumenical Temple.
  4941 | Temple   | Entered the Ecumenical Temple
  4961 | Temple   | Became a worshipper of Sif Muna the Loreminder
  5106 | D:1      | Bought a scroll of identify for 28 gold pieces
  5106 | D:1      | Bought a scroll of teleportation for 42 gold pieces
  5107 | D:1      | Bought a scroll of identify for 28 gold pieces
  5205 | D:5      | Entered Level 5 of the Dungeon
  5516 | D:5      | Reached skill level 6 in Summonings
  5928 | D:5      | Reached XP level 8. HP: 57/57 MP: 14/17
  6069 | D:5      | Found a shadowy altar of Dithmenos.
  6598 | D:6      | Reached * piety under Sif Muna
  6697 | D:6      | Found a sparkling altar of Nemelex Xobeh.
  6697 | D:6      | Found a sacrificial altar of Ru.
  7157 | D:7      | Reached skill level 1 in Invocations
  7207 | D:7      | Noticed a sun demon
  7208 | D:7      | Found a transporter.
  7248 | D:7      | Found a sand-covered staircase.
  7262 | Ossuary  | Entered an ossuary
  7420 | Ossuary  | Reached XP level 9. HP: 52/66 MP: 18/18
  7520 | Ossuary  | Reached skill level 7 in Summonings
  7533 | Ossuary  | Reached ** piety under Sif Muna
  8282 | D:7      | Found a one-way gate to the infinite horrors of the Abyss.
  8282 | D:7      | Noticed adelrune's ghost (novice MfSh)
  8285 | D:7      | Found a transporter.
  8402 | D:7      | Noticed Maggie
  8419 | D:7      | Killed Maggie
  8678 | D:7      | Reached skill level 5 in Fighting
  9142 | D:8      | Learned a level 4 spell: Animate Armour
  9470 | D:8      | Reached skill level 5 in Air Magic
  9493 | D:8      | Reached skill level 1 in Earth Magic
  9877 | D:9      | Noticed a troll
  9885 | D:9      | Killed a troll
  9886 | D:9      | Reached XP level 10. HP: 74/74 MP: 9/20
  9996 | D:9      | Reached *** piety under Sif Muna
 10520 | D:9      | Reached skill level 1 in Shields
 10812 | D:9      | Found Usushryxt's Weapon Shop.
 10935 | D:10     | Entered Level 10 of the Dungeon
 10943 | D:10     | Noticed Psyche
 10953 | D:10     | Killed Psyche
 11075 | D:10     | Reached skill level 8 in Summonings
 11281 | D:10     | Reached skill level 5 in Invocations
 11375 | D:10     | Noticed Urug
 11389 | D:10     | Killed Urug
 11481 | D:10     | Noticed Snorg
 11490 | D:10     | Killed Snorg
 11652 | D:10     | Reached skill level 9 in Summonings
 11668 | D:10     | Found a staircase to the Lair.
 11681 | D:10     | Gained mutation: You may rarely emit foul miasma when
                  | damaged in melee. [demonic ancestry]
 11681 | D:10     | Reached XP level 11. HP: 72/81 MP: 6/21
 11892 | D:10     | Found a staircase to the Orcish Mines.
 12130 | D:9      | Bought the +5 Force Lance {heavy, knockback} for 374 gold
                  | pieces
 12130 | D:9      | Found the +5 Force Lance {heavy, knockback}
 12194 | Lair:1   | Entered Level 1 of the Lair of Beasts
 12221 | D:10     | Reached skill level 1 in Polearms
 12309 | Lair:1   | Reached **** piety under Sif Muna
 12310 | Lair:1   | Reached skill level 1 in Armour
 12400 | Lair:1   | Identified the +8 whip "Mekk" {speed, Int+5}
 12613 | Lair:1   | Reached skill level 10 in Summonings
 12990 | Lair:1   | Gained mutation: You have a small tail. [demonic ancestry]
 12990 | Lair:1   | Reached XP level 12. HP: 87/89 MP: 23/23
 13038 | Lair:1   | Reached skill level 5 in Evocations
 13792 | Lair:1   | Identified the +0 robe "Xipnac Yji" {Will+}
 14056 | Lair:2   | Reached skill level 5 in Dodging
 14175 | Lair:2   | Reached ***** piety under Sif Muna
 14184 | Lair:2   | Reached skill level 5 in Polearms
 14670 | Lair:2   | Noticed a catoblepas
 14699 | Lair:2   | Killed a catoblepas
 14733 | Lair:2   | Received a gift from Sif Muna
 14939 | Lair:2   | Got Sif Muna's Octavo of Hylic Wildfire {god gift}
 15063 | Lair:2   | Found a staircase to the Shoals.
 16068 | Lair:3   | Reached skill level 11 in Summonings
 16068 | Lair:3   | Gained mutation: You have a tail ending in a sharp stinger.
                  | [demonic ancestry]
 16068 | Lair:3   | Reached XP level 13. HP: 98/98 MP: 17/24
 16426 | Lair:3   | Found a staircase to the Snake Pit.
 17265 | Lair:4   | Found a staircase to the Slime Pits.
 17265 | Lair:4   | Found a viscous altar of Jiyva.
 17284 | Lair:4   | You fall into a shaft and drop 1 floor!
 17284 | Lair:5   | Entered Level 5 of the Lair of Beasts
 17286 | Lair:5   | Identified the +3 leather armour of the Lizard {rElec rF-
                  | MP+9 Slay+4}
 18027 | Lair:5   | Reached skill level 10 in Invocations
 18455 | Lair:5   | Received a gift from Sif Muna
 19077 | Lair:5   | Gained mutation: You are surrounded by a strong repulsion
                  | field. (EV +4, RMsl) [demonic ancestry]
 19077 | Lair:5   | Reached XP level 14. HP: 53/108 MP: 18/25
 19870 | Lair:4   | Noticed Nessos
 19871 | Lair:4   | Nessos changed into Nessos the wind drake
 19871 | Lair:4   | Noticed Nessos
 19874 | Lair:4   | Nessos the wind drake changed into Nessos the manticore
 19874 | Lair:4   | Noticed Nessos
 19883 | Lair:4   | Killed Nessos the manticore
 19884 | Lair:4   | Reached skill level 12 in Summonings
 20698 | Orc:1    | Entered Level 1 of the Orcish Mines
 20721 | Orc:1    | Found Duziotwi's Assorted Antiques.
 20751 | Orc:1    | Bought a fuming blue potion for 26 gold pieces
 21271 | Orc:1    | Found a roughly hewn altar of Beogh.
 21272 | Orc:1    | Noticed an orc warlord
 21302 | Orc:1    | Killed an orc warlord
 21385 | Orc:1    | Learned a level 3 spell: Mephitic Cloud
 21431 | Orc:2    | Entered Level 2 of the Orcish Mines
 21479 | Orc:2    | Found a staircase to the Elven Halls.
 21502 | Orc:2    | Found a gate leading to a gauntlet.
 21517 | Gauntlet | Entered a Gauntlet
 21517 | Gauntlet | Found a runed translucent door.
 21517 | Gauntlet | Found a transporter.
 21517 | Gauntlet | Found a runed translucent door.
 21517 | Gauntlet | Found a transporter.
 21517 | Gauntlet | Found a transporter.
 21545 | Gauntlet | Found a transporter.
 21546 | Gauntlet | Found a transporter.
 21549 | Gauntlet | Found a transporter.
 21573 | Gauntlet | Found a transporter.
 21576 | Gauntlet | Found a transporter.
 21584 | Gauntlet | Found a transporter.
 21602 | Gauntlet | Found a transporter.
 21619 | Gauntlet | Found a transporter.
 21622 | Gauntlet | Found a transporter.
 22024 | Gauntlet | Reached skill level 1 in Conjurations
 22024 | Gauntlet | Reached skill level 1 in Alchemy
 22025 | Gauntlet | Identified the +0 helmet of the Trees {*Corrode Int+4
                  | Dex+3}
 22132 | Gauntlet | Identified the +1 chain mail of Xom's Displeasure {^Contam
                  | Fly rN+ Int+8}
 22215 | Orc:2    | Gained mutation: You sometimes emit foul miasma when
                  | damaged in melee. [demonic ancestry]
 22215 | Orc:2    | Reached XP level 15. HP: 115/115 MP: 26/26
 22386 | Orc:2    | Received a gift from Sif Muna
 22419 | Orc:2    | Got Sif Muna's Incunabulum of Allies {god gift}
 22435 | Orc:2    | Learned a level 6 spell: Summon Cactus Giant
 22442 | Orc:2    | Learned a level 4 spell: Summon Blazeheart Golem
 22524 | Orc:2    | Found Qaacaogodi's Assorted Antiques.
 22532 | Orc:2    | Bought 2 murky grey potions for 46 gold pieces
 22707 | Orc:2    | Found Awat's Magic Scroll Emporium.
 22708 | Orc:2    | Found Irynwob's General Store.
 23031 | Orc:2    | Bought a scroll of identify for 36 gold pieces
 23032 | Orc:2    | Bought a scroll of identify for 36 gold pieces
 23035 | Orc:2    | Bought the orb "Giut" {*channel, rPois rC+ rCorr} for 415
                  | gold pieces
 23091 | Orc:2    | Learned a level 7 spell: Monstrous Menagerie
 23296 | Orc:1    | Found Teffao's Jewellery Shoppe.
 23314 | Orc:1    | Found Mowe's General Store.
 23503 | Orc:1    | Found Viecain's Weapon Emporium.
 23638 | Orc:1    | Found Koazetymao's Weapon Shop.
 24081 | Orc:2    | Reached skill level 10 in Fighting
 24463 | Orc:2    | Found Hewkosta's Antique Armour Shop.
 24463 | Orc:2    | Found a one-way gate leading to the halls of Pandemonium.
 24463 | Orc:2    | Found Xopras's Jewellery Boutique.
 24718 | Orc:2    | Bought an amulet of regeneration for 360 gold pieces
 26025 | D:12     | Reached skill level 5 in Shields
 26608 | D:12     | Received a gift from Sif Muna
 26609 | D:12     | Got Amoumyci's Lectures on Hypothermic Attacks {god gift}
 27008 | D:13     | Reached XP level 16. HP: 121/122 MP: 21/28
 28083 | D:14     | Found a gate to the Vaults.
 28255 | D:14     | Found a broken altar of Ashenzari.
 29054 | D:15     | Entered Level 15 of the Dungeon
 29158 | D:15     | Found a hazy altar of Hepliaklqana.
 29267 | D:15     | Noticed Rupert
 29295 | D:15     | Killed Rupert
 29296 | D:15     | Reached skill level 13 in Summonings
 29723 | D:15     | Noticed Roxanne
 30225 | D:15     | Found a staircase to the Depths.
 30553 | D:15     | Killed Roxanne
 30753 | Orc:2    | Bought the ring "Mikeciur" {+Blink rPois rC+} for 492 gold
                  | pieces
 30933 | Snake:1  | Entered Level 1 of the Snake Pit
 31134 | Snake:1  | Received a gift from Sif Muna
 31135 | Snake:1  | Got Sif Muna's Octavo of Apparitions {god gift}
 31548 | Snake:1  | Identified the orb of the Nine of Cups {*Rage, Dex+3 Slay-5
                  | Necro}
 31704 | Shoals:1 | Entered Level 1 of the Shoals
 32008 | Shoals:1 | Found a runed translucent gate.
 32008 | Shoals:1 | Found a runed translucent gate.
 32008 | Shoals:1 | Found a runed translucent gate.
 32070 | Shoals:1 | Noticed jasper's ghost (journeyman DsFi)
 32131 | Shoals:1 | Reached skill level 14 in Summonings
 32131 | Shoals:1 | Reached skill level 10 in Evocations
 32167 | Shoals:1 | Killed jasper's ghost
 32180 | Shoals:1 | Reached XP level 17. HP: 82/131 MP: 7/29
 32826 | Shoals:2 | Noticed Ilsuiw
 34445 | Snake:2  | Noticed Mlioglotl
 34508 | Snake:2  | Got Byda's Compendium of Necromantic Liturgies
 34841 | Snake:2  | Noticed Azrael
 34873 | Snake:2  | Killed Azrael
 35159 | Snake:2  | Found Loomaatt's Magic Scroll Emporium.
 35435 | Snake:2  | Killed Mlioglotl
 35436 | Snake:2  | Reached skill level 15 in Summonings
 36190 | Snake:3  | Found a runed translucent door.
 36193 | Snake:3  | Found an ornate altar of the Wu Jian Council.
 36435 | Snake:3  | Found Jaranid's Weapon Boutique.
 36470 | Snake:3  | Found Yciruvog's Antique Weapon Shop.
 36472 | Snake:3  | Found Vootiph's Assorted Antiques.
 36800 | Snake:3  | Found an ornate altar of the Wu Jian Council.
 36802 | Snake:3  | Identified the serpent talisman of the Silversmith {rC+ rN+
                  | Str+3}
 36802 | Snake:3  | Noticed Aizul
 36824 | Snake:3  | Killed Aizul
 37899 | Snake:3  | Upgraded the game from 0.32-a0-913-g739538afd8 to
                  | 0.32-a0-918-g0f22ef8d61
 37917 | Snake:4  | Entered Level 4 of the Snake Pit
 38117 | Snake:3  | Reached skill level 16 in Summonings
 38201 | Snake:4  | Gained mutation: You are robust. (+10% HP) [demonic
                  | ancestry]
 38201 | Snake:4  | Reached XP level 18. HP: 114/151 MP: 13/30
 38635 | Snake:4  | Learned a level 7 spell: Summon Hydra
 38740 | Snake:4  | Noticed Nikola
 38754 | Snake:4  | Killed Nikola
 38755 | Snake:4  | Reached skill level 10 in Shields
 39031 | Snake:4  | Found an ornate altar of the Wu Jian Council.
 39077 | Snake:4  | Learned a level 3 spell: Swiftness
 39092 | Snake:4  | Received a gift from Sif Muna
 39093 | Snake:4  | Got Sif Muna's Book of the Queen Bee and Necromancy {god
                  | gift}
 39801 | Snake:4  | Learned a level 4 spell: Martyr's Knell
 39848 | Snake:4  | Reached skill level 1 in Necromancy
 40059 | Snake:4  | Got a serpentine rune of Zot
 40633 | Snake:4  | Noticed Donald
 40637 | Snake:4  | Killed Donald
 40648 | Snake:4  | Reached skill level 17 in Summonings
 41817 | Shoals:2 | Noticed Frances
 41829 | Shoals:2 | Killed Frances
 42291 | Shoals:2 | Received a gift from Sif Muna
 42327 | Shoals:2 | Killed Ilsuiw
 43386 | Shoals:3 | Reached skill level 10 in Spellcasting
 43525 | Shoals:3 | Gained mutation: You have a sharp stinger which inflicts
                  | weakening toxins. [demonic ancestry]
 43525 | Shoals:3 | Reached XP level 19. HP: 148/160 MP: 21/33
 43943 | Shoals:4 | Entered Level 4 of the Shoals
 44204 | Shoals:4 | Identified the +4 hand cannon "Vogeum" {flame, rPois rN+
                  | Str+4}
 44424 | Shoals:4 | Received a gift from Sif Muna
 44425 | Shoals:4 | Got Sif Muna's Compendium of Terrestrial Electrocution {god
                  | gift}
 44499 | Shoals:4 | Got the Collected Works on Calefaction and the Caves
 44551 | Shoals:4 | Reached skill level 5 in Necromancy
 44745 | Shoals:4 | Reached skill level 18 in Summonings
 44876 | Shoals:4 | Got a barnacled rune of Zot
 45064 | Shoals:4 | Learned a level 2 spell: Sublimation of Blood
 45323 | Shoals:4 | Found the +7 mace of Variability {chaos, chaos arc}
 46485 | Orc:2    | Bought the +3 hat of Pondering {ponderous, Will+ MP+10
                  | Int+5} for 952 gold pieces
 46485 | Orc:2    | Found the +3 hat of Pondering {ponderous, Will+ MP+10
                  | Int+5}
 46685 | Vaults:1 | Entered Level 1 of the Vaults
 46855 | D:14     | Received a gift from Sif Muna
 46864 | D:14     | Got Sif Muna's Incunable of Ice and Geology {god gift}
 47162 | Vaults:1 | Found Hurofud's Book Emporium.
 48423 | Vaults:2 | Gained mutation: You frequently emit foul miasma when
                  | damaged in melee. [demonic ancestry]
 48423 | Vaults:2 | Reached XP level 20. HP: 121/169 MP: 16/34
 48478 | Vaults:2 | Learned a level 4 spell: Animate Dead
 48496 | Vaults:2 | Paralysed by a formless jellyfish for 1 turns
 49097 | Vaults:2 | Received a gift from Sif Muna
 49098 | Vaults:2 | Got Sif Muna's Opusculum on Topography {god gift}
 49528 | Vaults:2 | Found Ukung's Antique Weapon Emporium.
 49777 | Vaults:2 | Found a runed translucent gate.
 49777 | Vaults:2 | Found a runed translucent gate.
 49778 | Vaults:2 | Found a runed translucent gate.
 49779 | Vaults:2 | Noticed Jyghoireu's ghost (veteran HOMo)
 50879 | Vaults:3 | Identified the +1 short sword "Juem" {flame, rF+}
 50910 | Vaults:3 | Received a gift from Sif Muna
 50911 | Vaults:3 | Got Sif Muna's Incunable of the Fascinating Commander {god
                  | gift}
 51033 | Vaults:3 | Found a staircase to the Crypt.
 51033 | Vaults:3 | Found a basalt altar of Yredelemnul.
 51033 | Vaults:3 | Found an ancient bone altar of Kikubaaqudgha.
 51477 | Vaults:3 | Identified the +2 bardiche of Discord {heavy, rElec rF-
                  | Int+2}
 52176 | Vaults:4 | Gained mutation: You are darkly shadowed, frequently
                  | releasing foul flame when damaged in melee. [demonic
                  | ancestry]
 52176 | Vaults:4 | Reached XP level 21. HP: 178/178 MP: 36/36
 52283 | Vaults:4 | Reached skill level 15 in Invocations
 52684 | Vaults:4 | Found a transporter.
 52685 | Vaults:4 | Found a shimmering blue altar of Sif Muna.
 53181 | Depths:1 | Entered Level 1 of the Depths
 53196 | Depths:1 | Identified the +8 chain mail of the Slimy Salamander {Harm
                  | rElec Slay-2}
 53315 | Depths:1 | Reached skill level 19 in Summonings
 53325 | Depths:1 | Received a gift from Sif Muna
 53523 | Depths:1 | Got Panon's Vademecum on Comburant Superposition {god gift}
 53549 | Depths:1 | Found a shimmering altar of Xom.
 53608 | Depths:1 | Found a hide-covered altar of Uskayaw.
 53720 | Depths:1 | Found Uggaycio's Jewellery Boutique.
 53724 | Depths:1 | Found Liemeallom's Book Shoppe.
 53725 | Depths:1 | Found Zuukk's Jewellery Boutique.
 54029 | Depths:1 | Found a gateway to Hell.
 54414 | Depths:2 | Reached skill level 10 in Necromancy
 54514 | Depths:2 | Found a flickering gateway to a bazaar.
 54520 | Bazaar   | Entered a bazaar
 54520 | Bazaar   | Found Ycoiss's Armour Boutique.
 54520 | Bazaar   | Found Tycugam's General Store.
 54520 | Bazaar   | Found Vesoergh's Weapon Shop.
 54520 | Bazaar   | Found Icinil's Jewellery Shoppe.
 54569 | Bazaar   | Found Roqefat's Book Shop.
 54569 | Bazaar   | Found Woroulem's Armour Emporium.
 54592 | Bazaar   | Bought the +2 ring mail "Gerghoj" {Regen+ Int+3 Dex+5} for
                  | 491 gold pieces
 54652 | Depths:2 | Found an opulent altar of Gozag.
 54702 | Depths:1 | Found the +7 staff of the Meek {protect, meekguard}
 55380 | Depths:2 | Noticed Mara
 55382 | Depths:2 | Noticed gameguard's illusion
 55410 | Depths:2 | Killed Mara
 55632 | Depths:2 | Learned a level 4 spell: Dispel Undead
 55868 | Depths:2 | Noticed a golden dragon
 55868 | Depths:2 | Noticed a caustic shrike
 55868 | Depths:2 | Noticed a golden dragon
 55880 | Depths:2 | Killed a caustic shrike
 55883 | Depths:2 | Reached skill level 5 in Armour
 56106 | Depths:2 | Killed a golden dragon
 56213 | Depths:2 | Identified the ring "Asuho" {Ice rPois}
 56360 | Depths:2 | Noticed a golden dragon
 56369 | Depths:2 | Killed a golden dragon
 56538 | Depths:2 | Noticed a juggernaut
 56551 | Depths:2 | Killed a juggernaut
 56630 | Depths:2 | Reached XP level 22. HP: 143/190 MP: 30/38
 56862 | Depths:2 | Noticed a golden dragon
 56877 | Depths:2 | Killed a golden dragon
 57034 | Depths:3 | Found a transporter.
 57034 | Depths:3 | Found a transporter.
 57435 | Depths:3 | Identified the +4 robe of Recklessness {-Cast Fly rC+ SInv}
 57435 | Depths:3 | Noticed Boris
 57452 | Depths:3 | Killed Boris
 58283 | Depths:3 | Learned a level 6 spell: Death Channel
 58403 | Depths:3 | Reached skill level 15 in Fighting
 58788 | Depths:3 | Received a gift from Sif Muna
 58791 | Depths:3 | Got Jipnao's Anthology of Calling {god gift}
 59061 | Depths:4 | Entered Level 4 of the Depths
 59121 | Depths:4 | Reached skill level 20 in Summonings
 59291 | Depths:4 | Found a gate to the Realm of Zot.
 59291 | Depths:4 | Noticed a golden dragon
 59304 | Depths:4 | Killed a golden dragon
 59513 | Depths:4 | Found a one-way gateway to a ziggurat.
 59526 | Depths:4 | Identified the ring "Zefareq" {Ice rElec Dex+5}
 59526 | Depths:4 | Noticed Josephina
 59608 | Depths:4 | Noticed a juggernaut
 59618 | Depths:4 | Killed a juggernaut
 60129 | Depths:4 | Identified the +7 chain mail of the Known World {Str+3
                  | Int+6}
 60185 | Depths:4 | Found Koshrot's Elemental Accessories.
 60403 | Depths:4 | Killed Josephina
 60673 | Depths:4 | Found Eckuov's Specific Store.
 60675 | Depths:4 | Found Juyn's General Store.
 60914 | Depths:4 | Found the amulet of the Air {Inacc Air Fly rElec RMsl}
 61412 | Elf:1    | Entered Level 1 of the Elven Halls
 61423 | Elf:1    | Reached XP level 23. HP: 199/199 MP: 36/40
 61499 | Elf:1    | Received a gift from Sif Muna
 61578 | Elf:1    | Got Exkonkog's Cyclopedia of the Autopsy {god gift}
 61758 | Elf:1    | Found a runed translucent gate.
 61758 | Elf:1    | Found a runed translucent gate.
 61758 | Elf:1    | Found a runed translucent gate.
 61822 | Elf:1    | Noticed Koicuiqofu's ghost (adept DsGl)
 62193 | Elf:1    | Found Cupseeqa's Antique Weapon Shoppe.
 62643 | Elf:1    | Found Ichukow's Book Shoppe.
 62646 | Elf:1    | Found Vempanuk's Antique Armour Emporium.
 62646 | Elf:1    | Found Wuuzyt's Armour Shoppe.
 62650 | Elf:1    | Found Kiyf's Antique Armour Emporium.
 62770 | Elf:1    | Paralysed by an air elemental for 1 turns
 62850 | Elf:1    | Killed Koicuiqofu's ghost
 62972 | Elf:1    | Identified the +0 pair of gloves of Hopscotch {rElec rPois
                  | rC- rN+++}
 63223 | Elf:2    | Received a gift from Sif Muna
 63224 | Elf:2    | Got Nunul's Papyrus of Beguiling and the Graveyard {god
                  | gift}
 63535 | Elf:2    | Found Utiph's Assorted Antiques.
 63868 | Elf:2    | Reached skill level 15 in Necromancy
 63882 | Elf:2    | Found a runed translucent gate.
 63883 | Elf:2    | Found a runed translucent gate.
 63883 | Elf:2    | Found a runed translucent gate.
 63905 | Elf:3    | Entered Level 3 of the Elven Halls
 64366 | Elf:3    | Found Enonuleum's Armour Boutique.
 64437 | Elf:3    | Found Vokhuarch's Book Boutique.
 64551 | Elf:3    | Learned a level 8 spell: Summon Horrible Things
 64885 | Elf:3    | Reached skill level 21 in Summonings
 65109 | Elf:3    | Identified the ring "Luidarri" {Dex+2 SInv}
 65115 | Elf:3    | Identified the +5 great sword of Vocrelo {pain, rC+++ Will-
                  | Str+3 Dex+2}
 65213 | Elf:3    | Reached skill level 15 in Spellcasting
 65363 | Elf:3    | Identified the +1 rapier of the Secret Hosts {drain, Dex+3
                  | Stlth+}
 65401 | Elf:3    | Got the Compilation of Parallel Skeletons
 65406 | Elf:3    | Identified the +3 sling of the Scavenger {heavy, ^Fragile
                  | rElec rN+++ Str-4}
 65728 | Elf:3    | Learned a level 7 spell: Haunt
 66194 | Vaults:4 | Received a gift from Sif Muna
 66293 | Vaults:4 | Found a transporter.
 66434 | Vaults:5 | Entered Level 5 of the Vaults
 66483 | Vaults:5 | Gained mutation: You are very robust. (+20% HP) [demonic
                  | ancestry]
 66483 | Vaults:5 | Reached XP level 24. HP: 106/226 MP: 25/42
 66729 | Vaults:5 | Received a gift from Sif Muna
 66734 | Vaults:5 | Got Sif Muna's Omnibus of Jinxing {god gift}
 67038 | Vaults:5 | Identified the +6 lajatang of Wyrd {speed, Int+2}
 67103 | Vaults:5 | Noticed a dread lich
 67120 | Vaults:5 | Killed a dread lich
 67352 | Vaults:5 | Reached skill level 10 in Dodging
 67529 | Vaults:5 | Got a silver rune of Zot
 68160 | Vaults:5 | Identified a scroll of acquirement
 68721 | Vaults:5 | Found the +10 dark maul {heavy}
 68721 | Vaults:5 | Found the +8 storm bow {elec, penet}
 68725 | Vaults:5 | Identified the ring of Hepliaklqana's Whim {Int+7 Dex+6}
 68791 | Vaults:5 | Identified the +6 whip of the First Hells {spect, rN+}
 68860 | Vaults:5 | Identified the +1 halberd of the Three Dreams {freeze,
                  | rElec MP+9 Str-4 Int+6}
 69083 | Crypt:1  | Entered Level 1 of the Crypt
 69142 | Crypt:1  | Acquired the +3 crown of Dyrovepreva {rElec Int+2 SInv}
 69142 | Crypt:1  | Found the +3 crown of Dyrovepreva {rElec Int+2 SInv}
 69279 | Crypt:1  | You are sucked into a shaft and drop 1 floor!
 69279 | Crypt:2  | Noticed Bai Suzhen
 69294 | Crypt:2  | Killed Bai Suzhen
 69306 | Crypt:2  | Reached skill level 1 in Shapeshifting
 69350 | Crypt:2  | Found a magical portal.
 69362 | WizLab   | Entered Eringya's Formal Garden
 69531 | WizLab   | Reached skill level 22 in Summonings
 69680 | WizLab   | Reached skill level 15 in Shields
 69701 | WizLab   | Found a blossoming altar of Fedhas.
 69965 | WizLab   | Identified the +12 quarterstaff of Adgheamyu {spect, rElec
                  | Str-5 Int+7}
 70089 | WizLab   | Reached XP level 25. HP: 236/236 MP: 43/43
 70165 | Crypt:2  | Reached skill level 5 in Shapeshifting
 70434 | Crypt:2  | Received a gift from Sif Muna
 70442 | Crypt:2  | Learned a level 2 spell: Blink
 70898 | Crypt:2  | Reached skill level 1 in Translocations
 70935 | Crypt:1  | Gained mutation: You are extremely robust. (+30% HP)
                  | [demonic ancestry]
 70935 | Crypt:1  | Reached XP level 26. HP: 219/265 MP: 26/43
 72151 | Crypt:1  | Learned a level 9 spell: Dragon's Call
 72160 | Crypt:1  | Learned a level 7 spell: Malign Gateway
 72245 | Crypt:3  | Entered Level 3 of the Crypt
 72354 | Crypt:3  | Received a gift from Sif Muna
 72355 | Crypt:3  | Got Geisiuz's Almanac of Bloodstone {god gift}
 72486 | Crypt:3  | Found a staircase to the Tomb.
 72486 | Crypt:3  | Noticed a royal mummy
 72931 | Crypt:3  | Killed a royal mummy
 73097 | Crypt:3  | Found a basalt altar of Yredelemnul.
 73421 | Crypt:3  | Reached skill level 5 in Translocations
 73494 | Crypt:3  | Identified the blade talisman "Cybb" {Will+ Int+2 Dex+3}
 73530 | Crypt:3  | Received a gift from Sif Muna
 73789 | Crypt:3  | Identified the +6 broad axe of Haowuphu {elec, rF+ Will++
                  | rCorr Int-3}
 74617 | Crypt:3  | Learned a level 1 spell: Apportation
 74681 | Crypt:3  | Identified the +3 robe of Resonance {*Corrode rPois Regen+
                  | Int+7}
 74681 | Crypt:3  | Noticed Boris
 74688 | Crypt:3  | Killed Boris
 74946 | Depths:1 | Acquired 895 gold pieces
 74948 | Depths:1 | Bought the amulet of the Salamander {Reflect MP+9 Int+5
                  | SH+5} for 929 gold pieces
 74987 | Depths:1 | Bought the ring of the Tortoise {AC+8} for 1792 gold pieces
 74987 | Depths:1 | Found the ring of the Tortoise {AC+8}
 75316 | Snake:2  | Bought a scroll of teleportation for 57 gold pieces
 75316 | Snake:2  | Bought a scroll of teleportation for 57 gold pieces
 75316 | Snake:2  | Bought a scroll of enchant weapon for 142 gold pieces
 75316 | Snake:2  | Bought a scroll of acquirement for 988 gold pieces
 75316 | Snake:2  | Acquired the +3 pair of seven-league boots {Rampage+∞}
 75316 | Snake:2  | Found the +3 pair of seven-league boots {Rampage+∞}
 75356 | Snake:3  | Bought a scroll of enchant armour for 195 gold pieces
 75356 | Snake:3  | Bought a scroll of teleportation for 78 gold pieces
 75679 | Zot:1    | Entered Level 1 of the Realm of Zot
 75686 | Zot:1    | Reached skill level 23 in Summonings
 75782 | Zot:1    | Received a gift from Sif Muna
 75937 | Zot:1    | Got Sif Muna's Elucidation of the Discontinuous Mortar {god
                  | gift}
 76009 | Zot:1    | Noticed Grunn
 76021 | Zot:1    | Killed Grunn
 77137 | Zot:2    | Reached XP level 27. HP: 153/273 MP: 28/43
 77400 | Zot:2    | Identified the amulet "Giffogg" {Spirit ^Contam rC++ rN+}
 77467 | Zot:2    | Identified the +6 trident "Imp's Foe" {protect, Str+4
                  | Int+2}
 77550 | Zot:2    | Reached skill level 10 in Shapeshifting
 77597 | Zot:2    | Reached skill level 24 in Summonings
 77597 | Zot:2    | Paralysed by an air elemental for 1 turns
 77602 | Zot:2    | Received a gift from Sif Muna
 77751 | Zot:2    | Identified the staff "Siru" {rElec Int+4 Air}
 78194 | Zot:3    | Noticed Vv
 78204 | Zot:3    | Killed Vv
 78388 | Zot:3    | Gained mutation: Potions are less effective at restoring
                  | your health. [mutagenic glow]
 78400 | Zot:3    | Gained mutation: You are clumsy. (Dex -2) [mutagenic glow]
 78416 | Zot:3    | Gained mutation: You sometimes lose your temper in combat.
                  | [mutagenic glow]
 78434 | Zot:3    | Lost mutation: You sometimes lose your temper in combat.
                  | [potion of mutation]
 78434 | Zot:3    | Lost mutation: You are clumsy. (Dex -2) [potion of
                  | mutation]
 78434 | Zot:3    | Gained mutation: Your spells are a little harder to cast,
                  | but a little more powerful. [potion of mutation]
 78434 | Zot:3    | Gained mutation: Your magical capacity is low. (-10% MP)
                  | [potion of mutation]
 78434 | Zot:3    | Gained mutation: You are vulnerable to heat. (rF-) [potion
                  | of mutation]
 78434 | Zot:3    | Gained mutation: You are covered in fur. (AC +1) [potion of
                  | mutation]
 78435 | Zot:3    | Lost mutation: Your magical capacity is low. (-10% MP)
                  | [potion of mutation]
 78435 | Zot:3    | Lost mutation: You are covered in fur. (AC +1) [potion of
                  | mutation]
 78435 | Zot:3    | Lost mutation: You are vulnerable to heat. (rF-) [potion of
                  | mutation]
 78435 | Zot:3    | Gained mutation: You are strong-willed. (Will+) [potion of
                  | mutation]
 78435 | Zot:3    | Gained mutation: You are somewhat resistant to further
                  | mutation. [potion of mutation]
 78435 | Zot:3    | Gained mutation: You are highly strong-willed. (Will++)
                  | [potion of mutation]
 79290 | Zot:3    | Identified the +3 cloak of Wonderful Miracles {rElec rPois
                  | Slay+2}
 79391 | Zot:4    | Noticed an orb of fire
 79659 | Zot:4    | Received a gift from Sif Muna
 79662 | Zot:4    | Got Sif Muna's Disquisition on Obstruction and Convocation
                  | {god gift}
 79857 | Zot:4    | Killed an orb of fire
 80673 | D:1      | Bought the ring of Lahouro {rF+ rC+ rN++ Will- rCorr} for
                  | 712 gold pieces
 80993 | Slime:1  | Entered Level 1 of the Pits of Slime
 81127 | Slime:5  | Entered Level 5 of the Pits of Slime
 81188 | Slime:5  | Noticed the Royal Jelly
 81215 | Slime:5  | Reached ****** piety under Sif Muna
 81217 | Slime:5  | Killed the Royal Jelly
 81228 | Slime:5  | Reached skill level 25 in Summonings
 81390 | Slime:5  | Identified the +3 glaive of the Cup {drain, rElec rPois rF-
                  | rC-}
 81401 | Slime:5  | Identified the ring "Gaov" {+Blink Fly rF+ Str-4 Dex+6}
 81428 | Slime:5  | Found the -2 hat of the Alchemist {rElec rPois rF+ rC+ rN+
                  | Will+ rMut rCorr}
 81439 | Slime:5  | Identified the +7 lajatang "Buyt" {flame, rC+ Will+ Dex+3}
 81447 | Slime:5  | Identified the +2 pair of gloves "Puissit" {rC- rCorr MP+9
                  | Str+4}
 81536 | Slime:5  | Got a starry gem with 32 turns to spare
 81551 | Slime:5  | Got a slimy rune of Zot
 81562 | Slime:5  | Identified the +8 shortbow of Laceration {heavy, Dex+3}
 82023 | Hell     | Entered the Vestibule of Hell
 82023 | Hell     | Noticed Geryon
 82069 | Hell     | Killed Geryon
 82366 | Hell     | Found a gateway to the freezing wastes of Cocytus.
 82498 | Hell     | Found a gateway to the decaying netherworld of Tartarus.
 82664 | Hell     | Found a gateway to the Iron City of Dis.
 82847 | Hell     | Found a gateway to the ashen valley of Gehenna.
 82872 | Geh:1    | Entered Level 1 of Gehenna
 84970 | Geh:6    | Reached skill level 26 in Summonings
 85002 | Geh:6    | Noticed a dread lich
 85008 | Geh:6    | Killed a dread lich
 85250 | Geh:7    | Entered Level 7 of Gehenna
 85342 | Geh:7    | Learned a level 4 spell: Vhi's Electric Charge
 85346 | Geh:7    | Learned a level 3 spell: Fugue of the Fallen
 85351 | Geh:7    | Learned a level 4 spell: Passage of Golubria
 85928 | Geh:7    | Noticed the Serpent of Hell
 85951 | Geh:7    | Killed the Serpent of Hell
 86106 | Geh:7    | Found the +5 Lochaber axe {reach-cleave, Poleaxe ^Drain}
 86160 | Geh:7    | Identified the +1 short sword of Callousness {protect,
                  | Dex+5}
 86217 | Geh:7    | Found the +13 sceptre of Asmodeus
 86217 | Geh:7    | Noticed Asmodeus
 86247 | Geh:7    | Killed Asmodeus
 86421 | Geh:7    | Identified the ring of Loeghu {rElec rPois EV+5 Str+2}
 86428 | Geh:7    | Identified the ring of Lesut {rPois rC+ Str+3 Dex+3}
 86452 | Geh:7    | Identified the ring of Meothuepn {Fire Str+3 Slay+5}
 86468 | Geh:7    | Got an obsidian rune of Zot
 86917 | Dis:1    | Entered Level 1 of the Iron City of Dis
 87056 | Dis:2    | Noticed a dread lich
 87065 | Dis:2    | Killed a dread lich
 87066 | Dis:2    | Reached skill level 15 in Shapeshifting
 87297 | Dis:4    | You fall into a shaft and drop 1 floor!
 87723 | Dis:7    | Entered Level 7 of the Iron City of Dis
 88285 | Dis:7    | Noticed Dispater
 88318 | Dis:7    | Noticed a juggernaut
 88328 | Dis:7    | Killed a juggernaut
 88364 | Dis:7    | Killed Dispater
 88490 | Dis:7    | Got an iron rune of Zot
 88494 | Dis:7    | Identified the staff of the Extremes {rF+ rC+ Ice Air}
 88511 | Dis:7    | Identified the +11 dire flail "Pallev" {flame, rPois rN+}
 88780 | Tar:1    | Entered Level 1 of Tartarus
 88890 | Tar:1    | Learned a level 8 spell: Infestation
 89214 | Tar:2    | Found a runed translucent door.
 89973 | Tar:6    | Noticed an ancient lich
 89984 | Tar:6    | Killed an ancient lich
 90045 | Tar:7    | Entered Level 7 of Tartarus
 90316 | Tar:7    | Identified the +7 chain mail of Vehumet, Protecting {Harm
                  | rPois}
 90328 | Tar:7    | Noticed a dread lich
 90338 | Tar:7    | Killed a dread lich
 90483 | Tar:7    | Found the +8 orange crystal plate armour {Archmagi, Int+3
                  | Clar}
 90489 | Tar:7    | Identified the ring of Copry {AC+4 Str+3}
 90507 | Tar:7    | Identified the +1 flail of Vauwnetz {freeze, rElec Dex-4
                  | SInv Stlth+}
 90603 | Tar:7    | Noticed a dread lich
 90613 | Tar:7    | Killed a dread lich
 90823 | Tar:7    | Noticed Ereshkigal
 90840 | Tar:7    | Killed Ereshkigal
 90932 | Tar:7    | Got a bone rune of Zot
 90988 | Tar:7    | Noticed a dread lich
 90991 | Tar:7    | Noticed an ancient lich
 90994 | Tar:7    | Killed a dread lich
 90998 | Tar:7    | Killed an ancient lich
 91302 | Hell     | Lost mutation: Potions are less effective at restoring your
                  | health. [potion of mutation]
 91302 | Hell     | Lost mutation: Your spells are a little harder to cast, but
                  | a little more powerful. [potion of mutation]
 91302 | Hell     | Lost mutation: You are somewhat resistant to further
                  | mutation. [potion of mutation]
 91317 | Hell     | Lost mutation: You are highly strong-willed. (Will++)
                  | [potion of mutation]
 91317 | Hell     | Lost mutation: You are strong-willed. (Will+) [potion of
                  | mutation]
 91317 | Hell     | Gained mutation: You are dopey. (Int -2) [potion of
                  | mutation]
 91317 | Hell     | Gained mutation: You are partially covered in large bone
                  | plates. (SH +4) [potion of mutation]
 91317 | Hell     | Gained mutation: You have a somewhat thin skeletal
                  | structure. (Dex +2, Stealth+) [potion of mutation]
 91318 | Hell     | Lost mutation: You are dopey. (Int -2) [potion of mutation]
 91318 | Hell     | Lost mutation: You have a somewhat thin skeletal structure.
                  | (Dex +2, Stealth+) [potion of mutation]
 91318 | Hell     | Gained mutation: Your mind is acute. (Int +4, Str/Dex -1)
                  | [potion of mutation]
 91318 | Hell     | Gained mutation: You have very sharp teeth. [potion of
                  | mutation]
 91318 | Hell     | Gained mutation: Your natural rate of healing is unusually
                  | fast. [potion of mutation]
 91397 | Coc:1    | Entered Level 1 of Cocytus
 91441 | Coc:1    | You fall into a shaft and drop 1 floor!
 91462 | Coc:2    | Paralysed by a wendigo for 1 turns
 91476 | Coc:2    | Paralysed by a wendigo for 1 turns
 92291 | Coc:7    | Entered Level 7 of Cocytus
 92387 | Coc:7    | Paralysed by a wendigo for 1 turns
 92393 | Coc:7    | Noticed a dread lich
 92403 | Coc:7    | Killed a dread lich
 92663 | Coc:7    | Paralysed by a wendigo for 1 turns
 92867 | Coc:7    | Paralysed by a wendigo for 1 turns
 92998 | Coc:7    | Identified the ring of the Marlin {rN++ rCorr EV+5 Str-3
                  | Stlth+}
 92998 | Coc:7    | Noticed Antaeus
 93001 | Coc:7    | Found the +8 longbow "Zephyr" {speed, Dex+3 SInv}
 93029 | Coc:7    | Killed Antaeus
 93045 | Coc:7    | Got an icy rune of Zot
 93261 | Depths:4 | Bought a wand of mindburst (6) for 176 gold pieces
 93303 | Depths:4 | Bought a wand of charming (4) for 182 gold pieces
 93580 | Orc:2    | Bought a scroll of teleportation for 33 gold pieces
 93580 | Orc:2    | Bought a wand of charming (7) for 184 gold pieces
 93582 | Orc:2    | Bought a scroll of fog for 72 gold pieces
 93582 | Orc:2    | Bought a scroll of teleportation for 54 gold pieces
 93582 | Orc:2    | Bought a scroll of revelation for 135 gold pieces
 93582 | Orc:2    | Bought a scroll of immolation for 72 gold pieces
 93582 | Orc:2    | Bought a scroll of revelation for 135 gold pieces
 93582 | Orc:2    | Bought a scroll of silence for 171 gold pieces
 93612 | Orc:2    | Bought a scroll of immolation for 104 gold pieces
 93668 | Orc:1    | Bought a wand of charming (5) for 156 gold pieces
 93692 | Orc:1    | Bought a scroll of revelation for 217 gold pieces
 94550 | Elf:2    | Bought a scroll of enchant armour for 247 gold pieces
 94881 | D:1      | Bought a scroll of immolation for 56 gold pieces
 94881 | D:1      | Bought 2 scrolls of fog for 112 gold pieces
 94881 | D:1      | Bought a scroll of fog for 56 gold pieces
 94881 | D:1      | Bought a scroll of immolation for 56 gold pieces
 95260 | Depths:4 | Bought a scroll of enchant weapon for 127 gold pieces
 95298 | Pan      | Entered Pandemonium
 95486 | Pan      | Noticed Noraer the pandemonium lord
 95517 | Pan      | Killed Noraer the pandemonium lord
 95590 | Pan      | Entered the realm of Mnoleg.
 95741 | Pan      | Noticed Mnoleg
 95811 | Pan      | Killed Mnoleg
 95980 | Pan      | Got a glowing rune of Zot
 96123 | Pan      | Entered the realm of Gloorx Vloq.
 96375 | Pan      | Noticed Gloorx Vloq
 96377 | Pan      | Got a dark rune of Zot
 96389 | Pan      | Killed Gloorx Vloq
 96593 | Pan      | Found a transporter.
 96737 | Pan      | Reached skill level 27 in Summonings
 96775 | Pan      | Identified the amulet "Vinlin" {Spirit Str+3}
 96780 | Pan      | Identified the ring of Gyhellaf {rN+ MP+9 Str+3}
 96957 | Pan      | Noticed Vemiedikh the pandemonium lord
 96968 | Pan      | Killed Vemiedikh the pandemonium lord
 97111 | Pan      | Noticed Xinufah the pandemonium lord
 97130 | Pan      | Killed Xinufah the pandemonium lord
 97179 | Pan      | Entered the realm of Lom Lobon.
 97327 | Pan      | Noticed Lom Lobon
 97368 | Pan      | Killed Lom Lobon
 97374 | Pan      | Got a magical rune of Zot
 97432 | Pan      | Entered the realm of Cerebov.
 97463 | Pan      | Reached skill level 10 in Armour
 97698 | Pan      | Found a corrupted altar of Lugonu.
 98004 | Pan      | Identified the staff "Fepsib" {rPois rC+ Will+ Int-2 Stlth+
                  | Ice}
 98049 | Pan      | Identified the +0 ice dragon scales of Vamusoj {rF- rC++
                  | Will- Str+7 Dex+5}
 98049 | Pan      | Identified the ring of Cekoseenoi {Int+2 Slay+4 Stlth+}
 98231 | Pan      | Reached skill level 15 in Evocations
 98319 | Pan      | Identified the +5 short sword of Mayhem {freeze, rElec rC-
                  | Dex+2 SInv}
 98407 | Pan      | Found the +6 sword of Cerebov {flame}
 98407 | Pan      | Noticed Cerebov
 98435 | Pan      | Killed Cerebov
 98523 | Pan      | Got a fiery rune of Zot
 98833 | Pan      | Noticed Gurol the pandemonium lord
 98841 | Pan      | Killed Gurol the pandemonium lord
 99194 | Pan      | Found an exit through the horrors of the Abyss.
 99322 | Pan      | Noticed Ughat Voa the pandemonium lord
 99338 | Pan      | Killed Ughat Voa the pandemonium lord
 99390 | Pan      | Noticed Tusyz the pandemonium lord
 99424 | Pan      | Killed Tusyz the pandemonium lord
 99631 | Pan      | Reached skill level 15 in Dodging
 99999 | Pan      | Noticed a seraph
100013 | Pan      | Killed a seraph
100053 | Pan      | Identified the +4 great sword "Jellyslayer" {protect, rF+
                  | Str+3}
100056 | Pan      | Got a demonic rune of Zot
100057 | Pan      | Identified the ring "Homm" {rC+ Str+3 Slay+3}
100079 | Pan      | Identified the +6 broad axe of Wrongful Imprisonment
                  | {heavy, Will+ Int+3}
100144 | Depths:4 | Escaped Pandemonium
100186 | Depths:3 | Voluntarily entered the Abyss.
100615 | Abyss:2  | Found a corrupted altar of Lugonu.
100677 | Abyss:2  | Noticed an ancient lich
100686 | Abyss:2  | Found a corrupted altar of Lugonu.
100849 | Abyss:3  | Found a corrupted altar of Lugonu.
100884 | Abyss:3  | Found a corrupted altar of Lugonu.
100884 | Abyss:3  | Found a corrupted altar of Lugonu.
100917 | Abyss:3  | Found a corrupted altar of Lugonu.
100949 | Abyss:3  | Found a corrupted altar of Lugonu.
100973 | Abyss:3  | Found a corrupted altar of Lugonu.
101193 | Abyss:3  | Found a corrupted altar of Lugonu.
101430 | Abyss:3  | Got an abyssal rune of Zot
101481 | Abyss:4  | Found a corrupted altar of Lugonu.
101483 | Abyss:4  | Noticed a dread lich
101490 | Abyss:4  | Killed a dread lich
101515 | Depths:3 | Escaped the Abyss
101799 | Tomb:1   | Entered Level 1 of the Tomb of the Ancients
101814 | Tomb:1   | Noticed a royal mummy
101814 | Tomb:1   | Noticed a royal mummy
102083 | Tomb:1   | Noticed a royal mummy
102088 | Tomb:1   | Killed a royal mummy
102106 | Tomb:1   | Noticed a royal mummy
102113 | Tomb:1   | Killed a royal mummy
102280 | Tomb:2   | Noticed a royal mummy
102312 | Tomb:2   | Noticed a royal mummy
102325 | Tomb:2   | Killed a royal mummy
102330 | Tomb:2   | Noticed a royal mummy
102338 | Tomb:2   | Killed a royal mummy
102348 | Tomb:2   | Killed a royal mummy
102384 | Tomb:2   | Noticed a royal mummy
102390 | Tomb:2   | Killed a royal mummy
102459 | Tomb:2   | Acquired a manual of Shapeshifting
102980 | Tomb:3   | Entered Level 3 of the Tomb of the Ancients
103042 | Tomb:3   | Noticed a royal mummy
103059 | Tomb:3   | Killed a royal mummy
103062 | Tomb:3   | Noticed a royal mummy
103063 | Tomb:3   | Noticed a royal mummy
103068 | Tomb:3   | Noticed a royal mummy
103068 | Tomb:3   | Noticed a royal mummy
103068 | Tomb:3   | Noticed a royal mummy
103087 | Tomb:3   | Killed a royal mummy
103096 | Tomb:3   | Killed a royal mummy
103105 | Tomb:3   | Noticed a royal mummy
103113 | Tomb:3   | Killed a royal mummy
103113 | Tomb:3   | Noticed a royal mummy
103116 | Tomb:3   | Killed a royal mummy
103122 | Tomb:3   | Killed a royal mummy
103124 | Tomb:3   | Killed a royal mummy
103124 | Tomb:3   | Killed a royal mummy
103130 | Tomb:3   | Noticed a royal mummy
103136 | Tomb:3   | Killed a royal mummy
103366 | Tomb:3   | Identified the +7 great sword "Kocziat" {antimagic, Str+4
                  | Int+2}
103425 | Tomb:3   | Identified the +4 long sword of the Lair of Beasts {elec,
                  | rC++ Str+6 Int+3}
103438 | Tomb:3   | Identified the +4 dagger "Violian" {freeze, rF+ Int-4 Dex+3
                  | Stlth+}
103448 | Tomb:3   | Identified the +2 robe of Qiol {rPois rCorr Dex+3}
103451 | Tomb:3   | Acquired 251 gold pieces
103512 | Tomb:3   | Got a sanguine gem with 44 turns to spare
103541 | Tomb:3   | Got a golden rune of Zot
104118 | Zot:5    | Entered Level 5 of the Realm of Zot
104205 | Zot:5    | Found a runed translucent gate.
104205 | Zot:5    | Found a runed translucent gate.
104205 | Zot:5    | Found a runed translucent gate.
104210 | Zot:5    | Noticed a dread lich
104210 | Zot:5    | Noticed Yculenutt's ghost (master MfIE)
104210 | Zot:5    | Noticed Obluekk's ghost (veteran MiBe)
104211 | Zot:5    | Found an ancient bone altar of Kikubaaqudgha.
104211 | Zot:5    | Noticed Wurghat's ghost (master TrSh)
104211 | Zot:5    | Noticed an ancient lich
104226 | Zot:5    | Killed Yculenutt's ghost
104230 | Zot:5    | Killed a dread lich
104232 | Zot:5    | Killed an ancient lich
104232 | Zot:5    | Killed Wurghat's ghost
104236 | Zot:5    | Killed Obluekk's ghost
104239 | Zot:5    | Identified the amulet of Gima {rF++ RegenMP+ MP+9 Int-3}
104244 | Zot:5    | Identified the -1 pair of boots of Duck's Teeth {rPois rF+
                  | Slay+2}
104348 | Zot:5    | Noticed a dread lich
104357 | Zot:5    | Killed a dread lich
104371 | Zot:5    | Noticed a dread lich
104390 | Zot:5    | Killed a dread lich
104492 | Zot:5    | Noticed an orb of fire
104495 | Zot:5    | Noticed an orb of fire
104505 | Zot:5    | Killed an orb of fire
104507 | Zot:5    | Killed an orb of fire
104513 | Zot:5    | Noticed an ancient lich
104516 | Zot:5    | Noticed a dread lich
104518 | Zot:5    | Killed an ancient lich
104523 | Zot:5    | Noticed a dread lich
104524 | Zot:5    | Killed a dread lich
104529 | Zot:5    | Noticed an ancient lich
104529 | Zot:5    | Noticed an ancient lich
104534 | Zot:5    | Killed an ancient lich
104534 | Zot:5    | Killed a dread lich
104537 | Zot:5    | Killed an ancient lich
104571 | Zot:5    | Noticed an orb of fire
104590 | Zot:5    | Killed an orb of fire
104630 | Zot:5    | Got the Orb of Zot
104992 | D:5      | Noticed Cip Vacugrua the pandemonium lord
105091 | D:$      | Escaped with the Orb!

Illustrated notes

Levels and vault maps discovered:
D:1:      dpeg_arrival_tiny_h, layout_loops_ring, serial_shops,
          nicolae_shop_peninsula, shop, nicolae_shop_tiny_statue_garden, shop,
          nicolae_shop_hallway_stairs
D:2:      layout_loops_cross, basic_altar, uniq_crazy_yiuf_cottage
D:3:      layout_basic, uniq_grinder, uniq_terence, uniq_ijyb
D:4:      layout_cave_pods, minmay_temple_entry_junction, minmay_quantized,
          uniq_duvessa
D:5:      layout_basic, grunt_dithmenos_shadows, minmay_tree_intersection
D:6:      layout_cave_pools, mainiacjoe_overflow_divided_tiny,
          minmay_misc_feat_nine_boxes
D:7:      layout_layer_cave, enter_ossuary_2, gammafunk_ghost_abyssal_escape,
          uniq_maggie
D:8:      layout_loops_cross
D:9:      layout_stronghold, serial_shops, nicolae_shop_peninsula
D:10:     layout_loops_ring, minmay_lair_entry_grove, orc_0_dummy, uniq_snorg,
          uniq_psyche, uniq_urug
D:11:     layout_layer_cave
D:12:     layout_loops_corners
D:13:     layout_roguey
D:14:     layout_loops_cross, lightli_vaults_fourway_checkpoint,
          ashenzari_altar_1
D:15:     gammafunk_enter_depths_forms, layout_rooms, minivault_4,
          nicolae_hepliaklqana_monster_ancestors, uniq_rupert, uniq_roxanne
Temple:   hellmonk_temple_of_storms
Lair:1:   layout_gridlike, serial_bayou, serial_bayou_lagoon_b,
          serial_bayou_crossing, serial_bayou_lake_a, serial_bayou_pond_d,
          beast_lair_carwin_5
Lair:2:   layout_cave_pods, elwin_shoals_entry_rocks,
          hangedman_lair_generics_rect
Lair:3:   layout_regular_city, minmay_snake_entry_six_corridors
Lair:4:   layout_regular_city, slime_entry_1, small_statue_intersection,
          uniq_nessos
Lair:5:   evilmike_catoblepas_cave, layout_cave_pods, serial_bayou_shore_b
Shoals:1: layout_shoals, gammafunk_ghost_necromancy,
          nicolae_shoals_arrival_archipelago
Shoals:2: layout_shoals, uniq_ilsuiw, uniq_frances
Shoals:3: layout_shoals
Shoals:4: shoals_end_simple, layout_shoals, hangedman_shoals_cup_caves
Snake:1:  layout_rooms
Snake:2:  layout_chambers, serial_shops, shop, grunt_megastairs_1,
          uniq_mlioglotl, uniq_azrael
Snake:3:  layout_cave_town, st_stairs_3, hangedman_feature_mirror,
          lightli_airlock, minmay_shop_star, uniq_aizul
Snake:4:  snake_pit_salamanders_mu, layout_cave_town, basic_altar,
          grunt_megastairs_5, serial_bayou_shore_a, uniq_nikola, uniq_donald
Slime:1:  layout_caves
Slime:2:  layout_caves
Slime:3:  cheibrodos_slime_lost_civilization_8, layout_caves
Slime:4:  layout_caves
Slime:5:  slime_pit_nicolae_trefoil
Orc:1:    layout_caves, serial_shops, shop, nicolae_shop_hallway_plus, shop,
          shop, nicolae_shop_tiny_statue_garden, minmay_orc_temple_c
Orc:2:    pf_orc_diabolical, layout_diamond_mine, gauntlet_entry_generic,
          serial_shops, shop
Elf:1:    minmay_elf_arrival_summoners, layout_rooms,
          gammafunk_ghost_tricky_traps, serial_shops, nicolae_take_the_stairs,
          minmay_elf_sorcery, minmay_shoptagon
Elf:2:    nicolae_elf_blades_crystal_corner, layout_geoelf_grid, serial_shops,
          nicolae_shop_overgrown_old_shop
Elf:3:    minmay_elf_hall_curves, layout_geoelf_castle, serial_shops, shop,
          shop, grunt_ministairs_1
Vaults:1: hangedman_vaults_hat, vaults_dpeg_ring,
          nicolae_vaults_trapezoid_lopsided_4, nicolae_vaults_diamond_2,
          nicolae_vaults_diagonal_hallway_9, ontoclasm_vaults_loading_screen,
          nicolae_vaults_little_squares_1, nicolae_vaults_two_Ls,
          layout_vaults_omnigrid, serial_shops, nicolae_book_shop_shelving
Vaults:2: gammafunk_ghost_spectres, v_rooms_4, v_misc_29, v_pattern_1,
          nicolae_vaults_closet_pinwheel_3, hangedman_vaults_stagger,
          nicolae_vaults_turnstiles, vaults_room_door_ring,
          nicolae_vaults_double_plus_1, v_alt_pattern_1, v_misc_19,
          nicolae_vaults_layer_cake_slice, layout_vaults_ring, serial_shops,
          nicolae_shop_crystal
Vaults:3: v_misc_11, ontoclasm_vaults_claustrophobia,
          minmay_crypt_entry_necro_gods, ontoclasm_vaults_idyll,
          ontoclasm_vaults_hangar, hangedman_vaults_restitches,
          hangedman_vaults_river_flow, vaults_room_hangedman_quadrants,
          vaults_mumra_hexcomb, v_misc_23, nicolae_vaults_little_squares_3,
          nicolae_vaults_ninety_degrees, nicolae_vaults_layer_cake_slice,
          layout_vaults_maze_snakey
Vaults:4: nicolae_vaults_two_Ls, nicolae_vaults_mini_display_case,
          gammafunk_sealed_library, vaults_room_pools, hangedman_vaults_locks,
          nicolae_vaults_network_quinsquares
          [nicolae_vaults_network_quincunx_subvault,
          nicolae_vaults_network_quincunx_subvault,
          nicolae_vaults_network_quincunx_subvault,
          nicolae_vaults_network_quincunx_subvault], vaults_dpeg_diagonal,
          hangedman_vaults_impose, nicolae_vaults_trapezoid_3,
          nicolae_vaults_double_plus_1, nicolae_vaults_tetromino_Z_1,
          vaults_room_door_ring, nicolae_vaults_closet_pinwheel_4,
          layout_vaults_big_cross
Vaults:5
Crypt:1:  layout_misc_corridors, grunt_megastairs_2
Crypt:2:  layout_regular_city, mu_enter_wizlab_2, grunt_ministairs_12,
          ebering_dispersal_statue_hall, nicolae_crypt_booths_of_the_dead,
          uniq_bai_suzhen
Crypt:3:  evilmike_haunted_forest
Tomb:1
Tomb:2
Tomb:3
Depths:1: layout_forbidden_donut, rand_demon_pan_entry_9, abyss_entry,
          hell_entry, nicolae_uskayaw_suspiria, minivault_10,
          xom_confusion_cloud, grunt_megastairs_3, serial_bayou_shore_b,
          firewood_loft, minmay_shop_grove
Depths:2: minmay_stepped, layout_basic, grunt_pan_entry_sceptre, serial_shops,
          bzr_entry_customers, nicolae_gozag_seed_capital, hell_entry,
          nicolae_rejected_hall, infiniplex_staircase_pool_1, uniq_mara
Depths:3: nzn_winding_woodlands_cross [nzn_winding_woodlands_5x15_lazy_stream,
          nzn_winding_woodlands_5x15_parted, nzn_winding_woodlands_5x15_pool,
          nzn_winding_woodlands_5x15_eye, nzn_winding_woodlands_15x15_killbox],
          layout_cave_pools, kennysheep_boxes, abyss_entry, hell_entry,
          nicolae_diode_stairs, infiniplex_staircase_zigzag_4, uniq_boris
Depths:4: grunt_zot_entry_funnels, layout_long_grid, enter_ziggurat_e,
          rand_demon_pan_entry_7, hangedman_geh_valley, nicolae_specific_store,
          nicolae_elemental_shop, uniq_josephina
Hell
Dis:1:    layout_jigsaw
Dis:2:    layout_gridville
Dis:3:    layout_gridville
Dis:4:    layout_subdivisions, nicolae_hells_hurtin_island
Dis:5:    layout_overlapping_boxes
Dis:6:    layout_regular_city, nicolae_dis_spooky_hallway
Dis:7:    dis_st
Geh:1:    layout_gehenna_pools_box
Geh:2:    layout_gehenna_pools_basic, minmay_fire_ice_demons
Geh:3:    layout_gehenna_lava_caves
Geh:4:    layout_gehenna_lava_caves
Geh:5:    layout_gehenna_pools_basic
Geh:6:    layout_gehenna_pools_basic
Geh:7:    geh_mu
Coc:1:    layout_cocytus_water_paths
Coc:2:    layout_cocytus_water_paths
Coc:3:    layout_cocytus_water_paths
Coc:4:    layout_cocytus_delve
Coc:5:    layout_cocytus_water_paths
Coc:6:    layout_cocytus_water_paths
Coc:7:    coc_grunt
Tar:1:    layout_honeycomb
Tar:2:    nicolae_tar_ssshhh
Tar:3:    layout_grid_maze
Tar:4:    layout_grid_maze
Tar:5:    layout_catacombs
Tar:6:    layout_grid_maze
Tar:7:    tar_grunt_cathedral
Zot:1:    grunt_twist_and_shout, layout_cathedral_of_symmetry, uniq_grunn
Zot:2:    infiniplex_zot_generator, layout_misc_corridors,
          st_single_dragon_hoard_2
Zot:3:    layout_gridlike, regret_index_zotdec_bone_old, uniq_vv
Zot:4:    layout_basic, hangedman_zot_decor_scrapings,
          hangedman_zot_decor_unnerving_road
Zot:5:    layout_basic, gammafunk_ghost_crypt

Skill      XL: |  1  2  3  4  5  6  7  8  9 10 11 12 13 14 15 16 17 18 19 20 21 22 23 24 25 26 27 |
---------------+----------------------------------------------------------------------------------+-----
Summonings     | 4 5 6 7 9 10 11 12 14 16 17 18 19 20 21 22 23 27 | 27.0
Fighting       | 2 4 5 6 7 9 10 11 12 13 14 15 16 25 | 25.1
Air Magic      | 1 2 3 4 5 6 |  6.0
Dodging        | 2 3 4 5 7 8 9 10 11 21 | 21.4
Evocations     | 1 2 4 6 7 8 10 11 16 | 16.0
Spellcasting   | 6 7 8 10 11 12 13 15 16 21 | 21.0
Short Blades   | 1 2 3 4 |  4.0
Invocations    | 2 3 6 7 8 10 11 13 14 15 16 22 | 22.0
Earth Magic    | 1 3 4 |  4.0
Shields        | 3 4 5 6 9 11 13 14 15 16 | 16.0
Polearms       | 3 6 8 11 12 13 14 | 14.0
Armour         | 2 3 4 5 7 10 | 10.0
Conjurations   | 1 2 |  2.0
Alchemy        | 1 2 |  2.0
Necromancy     | 4 7 8 10 13 15 21 | 21.0
Shapeshifting  | 4 5 9 23 | 23.0
Translocations | 1 8 |  8.0
Stealth        | |  1.0

Action                     |  1- 3 |  4- 6 |  7- 9 | 10-12 | 13-15 | 16-18 | 19-21 | 22-24 | 25-27 || total
---------------------------+-------+-------+-------+-------+-------+-------+-------+-------+-------++-------
  Melee: Dagger            |   107 |    56 |       |       |       |       |       |       |       ||   163
         Short sword       |       |    64 |   499 |   167 |       |       |       |       |       ||   730
         Lance             |       |       |       |   215 |   580 |  1234 |   421 |       |       ||  2450
         Tailslap          |       |       |       |     9 |    77 |   147 |   262 |   198 |   659 ||  1352
         Demon trident     |       |       |       |       |       |    54 |   969 |  1188 |  3008 ||  5219
         Bite              |       |       |       |       |       |       |       |       |   243 ||   243
  Throw: Dart              |       |       |     1 |     2 |     5 |     2 |     2 |       |     1 ||    13
   Cast: Summon Small Mamm |    19 |    15 |    34 |     5 |     2 |       |       |       |       ||    75
         Call Imp          |    20 |    24 |    49 |     7 |     6 |       |       |       |       ||   106
         Summon Lightning  |       |       |     8 |    61 |    88 |    81 |     2 |     2 |       ||   242
         Animate Armour    |       |       |       |    23 |    51 |    14 |       |       |       ||    88
         Summon Cactus Gia |       |       |       |       |    22 |   126 |    23 |    17 |       ||   188
         Summon Blazeheart |       |       |       |       |     3 |       |       |       |       ||     3
         Mephitic Cloud    |       |       |       |       |     2 |       |       |     1 |       ||     3
         Chain Lightning   |       |       |       |       |       |     1 |     3 |       |       ||     4
         Ignition          |       |       |       |       |       |     1 |       |       |     2 ||     3
         Monstrous Menager |       |       |       |       |       |    40 |   108 |    81 |    12 ||   241
         Maxwell's Capacit |       |       |       |       |       |     2 |       |       |       ||     2
         Summon Hydra      |       |       |       |       |       |    23 |   103 |   169 |     5 ||   300
         Martyr's Knell    |       |       |       |       |       |     2 |    41 |    23 |       ||    66
         Animate Dead      |       |       |       |       |       |       |    16 |       |       ||    16
         Sublimation of Bl |       |       |       |       |       |       |    24 |    46 |   158 ||   228
         Dispel Undead     |       |       |       |       |       |       |     6 |    32 |   286 ||   324
         Death Channel     |       |       |       |       |       |       |       |    51 |   105 ||   156
         Polar Vortex      |       |       |       |       |       |       |       |     1 |       ||     1
         Summon Horrible T |       |       |       |       |       |       |       |    37 |   136 ||   173
         Haunt             |       |       |       |       |       |       |       |     4 |   184 ||   188
         Dragon's Call     |       |       |       |       |       |       |       |     2 |   127 ||   129
         Malign Gateway    |       |       |       |       |       |       |       |       |    35 ||    35
         Blink             |       |       |       |       |       |       |       |       |     7 ||     7
         Apportation       |       |       |       |       |       |       |       |       |    28 ||    28
         Fugue of the Fall |       |       |       |       |       |       |       |       |    23 ||    23
         Infestation       |       |       |       |       |       |       |       |       |    16 ||    16
         Vhi's Electric Ch |       |       |       |       |       |       |       |       |    14 ||    14
         Shatter           |       |       |       |       |       |       |       |       |     2 ||     2
         Passage of Golubr |       |       |       |       |       |       |       |       |     2 ||     2
 Invoke: Divine Exegesis   |       |       |       |       |       |     4 |     3 |     3 |     4 ||    14
         Channel Magic     |       |       |       |       |       |     1 |     4 |     4 |    43 ||    52
         Forget Spell      |       |       |       |       |       |       |       |       |     1 ||     1
Ability: Evoke Blink       |       |       |       |       |       |     1 |     1 |       |     1 ||     3
         Begin Untransform |       |       |       |       |       |       |       |       |     5 ||     5
  Evoke: Wand              |       |     9 |    14 |    13 |     9 |    40 |    19 |     8 |    42 ||   154
         Phial of floods   |       |       |       |       |     1 |     4 |     2 |       |     1 ||     8
         Phantom mirror    |       |       |       |       |       |     4 |     1 |       |     2 ||     7
         Condenser vane    |       |       |       |       |       |       |       |       |     3 ||     3
         Horn of Geryon    |       |       |       |       |       |       |       |       |     2 ||     2
         Box of beasts     |       |       |       |       |       |       |       |       |     1 ||     1
    Use: Scroll            |       |     4 |    13 |     4 |    11 |    16 |     8 |    10 |    48 ||   114
         Potion            |       |     2 |       |     1 |     2 |    14 |     6 |     4 |    37 ||    66
   Stab: Distracted        |     2 |       |     8 |    14 |    14 |    22 |    44 |    50 |   123 ||   277
         Sleeping          |     1 |     2 |     1 |       |       |     2 |     3 |     1 |     3 ||    13
         Petrified         |       |       |       |     3 |       |       |       |       |       ||     3
         Invisible         |       |       |       |       |       |     2 |       |       |     3 ||     5
         Paralysed         |       |       |       |       |       |       |     2 |     1 |       ||     3
         Confused          |       |       |       |       |       |       |       |     4 |     3 ||     7
 Armour: Robe              |    77 |    57 |   188 |       |       |       |       |       |       ||   322
         Steam dragon scal |       |       |    51 |   184 |   177 |   725 |   435 |       |       ||  1572
         Ring mail         |       |       |       |       |       |       |   128 |   575 |  1560 ||  2263
  Dodge: Dodged            |    82 |   107 |   360 |   303 |   348 |   800 |   761 |   445 |  1517 ||  4723
         Repelled          |       |       |       |       |    10 |    84 |    66 |   142 |   177 ||   479
  Block: Buckler           |       |       |       |   126 |   132 |    81 |       |       |       ||   339
         Kite shield       |       |       |       |       |       |   606 |   786 |   636 |  3474 ||  5502
         Reflection        |       |       |       |       |       |       |       |       |    84 ||    84
   Form: Death             |       |       |       |       |       |       |       |       |     6 ||     6

Table legend: (Time is in decaauts)
 A = Elapsed time spent in this place.
 B = Non-inter-level travel time spent in this place.
 C = Inter-level travel time spent in this place.
 D = Time resting spent in this place.
 E = Time spent auto-exploring this place.
 F = Levels seen in this place.
 G = Mean time per level.
                   A        B        C        D        E       F      G
               +--------+--------+--------+--------+--------+-----+--------+
         Total | 107637 |  97116 |  10521 |   5938 |  45504 | 118 |  912.2 |
       Dungeon |  20653 |  17223 |   3430 |    706 |  11896 |  15 | 1376.9 |
        Temple |     40 |      5 |     35 |      0 |      0 |   1 |   40.0 |
          Lair |   9473 |   8490 |    983 |    596 |   5889 |   5 | 1894.6 |
        Shoals |   6583 |   6189 |    394 |    710 |   2660 |   4 | 1645.8 |
     Snake Pit |   8839 |   8533 |    306 |    821 |   4077 |   4 | 2209.8 |
    Slime Pits |    782 |    691 |     91 |     19 |    278 |   5 |  156.4 |
  Orcish Mines |   4023 |   3189 |    834 |    284 |   1654 |   2 | 2011.5 |
   Elven Halls |   5569 |   5167 |    402 |    186 |   2136 |   3 | 1856.3 |
        Vaults |   9961 |   9082 |    879 |     99 |   5191 |   5 | 1992.2 |
         Crypt |   5490 |   4960 |    530 |     93 |   2585 |   3 | 1830.0 |
          Tomb |   1999 |   1845 |    154 |    127 |    701 |   3 |  666.3 |
        Depths |   9377 |   8086 |   1291 |    468 |   3447 |   4 | 2344.2 |
          Hell |   1426 |   1311 |    115 |     30 |    290 |   1 | 1426.0 |
           Dis |   1714 |   1613 |    101 |    372 |      0 |   7 |  244.9 |
       Gehenna |   3630 |   3353 |    277 |    270 |   1218 |   7 |  518.6 |
       Cocytus |   1967 |   1730 |    237 |     80 |    117 |   7 |  281.0 |
      Tartarus |   2402 |   2387 |     15 |    299 |     77 |   7 |  343.1 |
           Zot |   5611 |   5172 |    439 |    250 |   2378 |   5 | 1122.2 |
         Abyss |   1337 |   1337 |      0 |     10 |     12 |   4 |  334.2 |
   Pandemonium |   4817 |   4817 |      0 |    271 |     37 |  22 |  219.0 |
        Bazaar |    105 |    105 |      0 |      0 |     60 |   1 |  105.0 |
       Ossuary |    378 |    378 |      0 |     40 |    111 |   1 |  378.0 |
        Wizlab |    782 |    782 |      0 |      0 |    471 |   1 |  782.0 |
      Gauntlet |    670 |    670 |      0 |    205 |    216 |   1 |  670.0 |
               +--------+--------+--------+--------+--------+-----+--------+

Top non-repeatable levels by time:
 Snake:4: 2976 daAuts
 Crypt:3: 2747 daAuts
   Orc:2: 2730 daAuts
Vaults:5: 2700 daAuts
Depths:2: 2596 daAuts
Depths:3: 2591 daAuts
 Snake:2: 2485 daAuts
Depths:4: 2394 daAuts
 Snake:3: 2386 daAuts
Shoals:4: 2283 daAuts
  Lair:5: 2210 daAuts
  Lair:3: 2195 daAuts
  Lair:2: 2098 daAuts
   Elf:3: 2067 daAuts
    D:10: 2059 daAuts
